Workbook
Name \A: #REF!
Name \B: #REF!
Name \C: #REF!
Name \D: #REF!
Name \E: #REF!
Name \F: #REF!
Name \G: #REF!
Name \H: #REF!
Name \I: #REF!
Name \L: #REF!
Name \M: #REF!
Name \P: #REF!
Name \S: #REF!
Name \Y: #REF!
Name \Z: #REF!
Name _____TOT58: #REF!
Name ____TOT58: #REF!
Name ___TOT58: #REF!
Name __C: #REF!
Name __C: #REF!
Name __C: #REF!
Name __C: #REF!
Name __C: #REF!
Name __C: #REF!
Name __C: #REF!
Name __C: #REF!
Name __TOT58: #REF!
Name _0012TC: #REF!
Name _0012TC: #REF!
Name _0012TC: #REF!
Name _0012TC: #REF!
Name _0012TC: #REF!
Name _0012TC: #REF!
Name _0106TC: #REF!
Name _0106TC: #REF!
Name _0106TC: #REF!
Name _0106TC: #REF!
Name _0106TC: #REF!
Name _0112TC: #REF!
Name _0112TC: #REF!
Name _0112TC: #REF!
Name _0112TC: #REF!
Name _0112TC: #REF!
Name _1: #REF!
Name _2: #REF!
Name _3: #REF!
Name _88: #REF!
Name _89: #REF!
Name _a94: #REF!
Name _a95: #REF!
Name _aaV110: #REF!
Name _aIV114: #REF!
Name _aIV190: #REF!
Name _Arg1: #REF!
Name _Arg2: #REF!
Name _C: #REF!
Name _C: #REF!
Name _C: #REF!
Name _C: #REF!
Name _C: #REF!

Sheet Índice
A1: Índice
A3: Capítulo I. Situación macroeconómica y fiscal 2026
A4: ='C I.1.1'!A1 -> Cuadro I.1.1 | B4: ='C I.1.1'!A2 -> Supuestos macroeconómicos 2026 (p)
A5: ='C I.1.2'!A1 -> Cuadro I.1.2 | B5: ='C I.1.2'!A2 -> Detalles supuestos de crecimiento económico y cuenta corriente 2026 (p)
A6: ='C I.2.1'!A1 -> Cuadro I.2.1 | B6: ='C I.2.1'!A2 -> Ingresos del Gobierno Central total 2026 (p)
A7: ='C I.2.2'!A1 -> Cuadro I.2.2 | B7: ='C I.2.2'!A2 -> Ingresos tributarios netos 2026 (p)
A8: ='C I.3.1'!A1 -> Cuadro I.3.1 | B8: ='C I.3.1'!A2 -> Parámetros de referencia del balance cíclicamente ajustado 2026 (p)
A9: ='C I.3.2'!A1 -> Cuadro I.3.2 | B9: ='C I.3.2'!A2 -> Ingresos cíclicamente ajustados del Gobierno Central total 2026 (p)
A10: ='C I.4.1'!A1 -> Cuadro I.4.1 | B10: ='C I.4.1'!A2 -> Gasto del Gobierno Central total 2026 (p)
A11: ='C I.4.2'!A1 -> Cuadro I.4.2 | B11: ='C I.4.2'!A2 -> Balance del Gobierno Central total 2026 (p)
A12: ='C I.5.1'!A1 -> Cuadro I.5.1 | B12: ='C I.5.1'!A2 -> Necesidades de financiamiento del Gobierno Central 2026 (p)
A13: ='C I.6.1'!A1 -> Cuadro I.6.1 | B13: ='C I.6.1'!A2 -> Posición financiera neta del Gobierno Central total, cierre 2026 (p)(1)
A15: Capítulo II. Proyecto de Ley de Presupuestos para el Sector Público correspondiente al año 2027
A16: ='C II.1.1'!A1 -> Cuadro II.1.1 | B16: ='C II.1.1'!A2 -> Supuestos macroeconómicos 2027 (p)
A17: ='C II.1.2'!A1 -> Cuadro II.1.2 | B17: ='C II.1.2'!A2 -> Detalle supuestos de crecimiento económico y cuenta corriente 2027 (p)
A18: ='C II.2.1'!A1 -> Cuadro II.2.1 | B18: ='C II.2.1'!A2 -> Ingresos del Gobierno Central total 2027 (p)
A19: ='C II.2.2'!A1 -> Cuadro II.2.2 | B19: ='C II.2.2'!A2 -> Ingresos tributarios netos 2027 (p)
A20: ='C II.3.1'!A1 -> Cuadro II.3.1 | B20: ='C II.3.1'!A2 -> Antecedentes para determinar el umbral por ingresos del litio 2027
A21: ='C II.3.2'!A1 -> Cuadro II.3.2 | B21: ='C II.3.2'!A2 -> Parámetros de referencia del balance cíclicamente ajustado 2026 y 2027 (p)
A22: ='C II.3.3'!A1 -> Cuadro II.3.3 | B22: ='C II.3.3'!A2 -> Ingresos cíclicamente ajustados del Gobierno Central total 2027 (p)
A23: ='C II.4.1'!A1 -> Cuadro II.4.1 | B23: ='C II.4.1'!A2 -> Nivel y composición del gasto del Gobierno Central total 2027 (p)(1)
A24: ='C II.5.1'!A1 -> Cuadro II.5.1 | B24: ='C II.5.1'!A2 -> Balance devengado y cíclicamente ajustado del Gobierno Central total 2027 (p)
A25: ='C II.6.1'!A1 -> Cuadro II.6.1 | B25: ='C II.6.1'!A2 -> Necesidades de financiamiento del Gobierno Central 2027 (p)
A26: ='C II.7.1'!A1 -> Cuadro II.7.1 | B26: ='C II.7.1'!A2 -> Posición financiera neta del Gobierno Central total, cierre 2027 (p)(1)
A27: ='C II.8.1'!A1 -> Cuadro II.8.1 | B27: ='C II.8.1'!A2 -> Proyecto de Ley de Presupuestos 2027
A29: Capítulo III. Marco de mediano plazo del Sector Público 2028-2031
A30: ='C III.4.1'!A1 -> Cuadro III.4.1 | B30: ='C III.4.1'!A2 -> Supuestos macroeconómicos 2028-2031 (p)
A31: ='C III.4.2'!A1 -> Cuadro III.4.2 | B31: ='C III.4.2'!A2 -> Detalle supuestos de crecimiento económico y cuenta corriente 2028-2031 (p)
A32: ='C III.5.1'!A1 -> Cuadro III.5.1 | B32: ='C III.5.1'!A2 -> Ingresos del Gobierno Central total 2028-2031 (p)
A33: ='C III.6.1'!A1 -> Cuadro III.6.1 | B33: ='C III.6.1'!A2 -> Parámetros de referencia del balance cíclicamente ajustado 2028-2031 (p)
A34: ='C III.6.2'!A1 -> Cuadro III.6.2 | B34: ='C III.6.2'!A2 -> Ingresos cíclicamente ajustados del Gobierno Central total 2028-2031 (p)
A35: ='C III.7.1'!A1 -> Cuadro III.7.1 | B35: ='C III.7.1'!A2 -> Gastos de mediano plazo del Gobierno Central total 2028-2031 (p)
A36: ='C III.7.2'!A1 -> Cuadro III.7.2 | B36: ='C III.7.2'!A2 -> Consolidado Sector Público: Programa financiero por concepto de gastos 2028-2031 (p)
A37: ='C III.7.3'!A1 -> Cuadro III.7.3 | B37: ='C III.7.3'!A2 -> Proyectos de ley en trámite considerados en la programación financiera 2028-2031
A38: ='C III.8.1'!A1 -> Cuadro III.8.1 | B38: ='C III.8.1'!A2 -> Balances del Gobierno Central total 2028-2031 (p)
A39: ='C III.9.1'!A1 -> Cuadro III.9.1 | B39: ='C III.9.1'!A2 -> Stock de deuda bruta 2026-2030 (p)
A40: ='C III.9.2'!A1 -> Cuadro III.9.2 | B40: ='C III.9.2'!A2 -> Necesidades de financiamiento del Gobierno Central, cierre 2028-2031 (p)
A41: ='C III.10.1'!A1 -> Cuadro III.10.1 | B41: ='C III.10.1'!A2 -> Posición financiera neta del Gobierno Central total, cierre 2028-2031 (p)
A42: ='C III.11.1'!A1 -> Cuadro III.11.1 | B42: ='C III.11.1'!A2 -> Escenarios macroeconómicos alternativos 2027-2031 (p)
A43: ='C III.11.2'!A1 -> Cuadro III.11.2 | B43: ='C III.11.2'!A2 -> Balances del Gobierno Central total 2028-2031, escenario de menor crecimiento (p)
A44: ='C III.11.3'!A1 -> Cuadro III.11.3 | B44: ='C III.11.3'!A2 -> Balances del Gobierno Central total 2028-2031, escenario de mayor crecimiento (p)
A45: ='C III.11.4'!A1 -> Cuadro III.11.4 | B45: ='C III.11.4'!A2 -> Posición financiera neta del Gobierno Central total, cierre 2028-2031 (p)
A47: Capítulo IV. Sistema de monitoreo y evaluación
A48: ='C IV.1.1'!A1 -> Cuadro IV.1.1 | B48: ='C IV.1.1'!A2 -> Plan de evaluaciones ex post 2026, por línea y estado de avance
A49: ='C IV.1.2'!A1 -> Cuadro IV.1.2 | B49: ='C IV.1.2'!A2 -> Programas evaluados en línea EPG, cohorte 2026, con ámbitos analizados y clasificación de desempeño
A50: ='C IV.1.3'!A1 -> Cuadro IV.1.3 | B50: ='C IV.1.3'!A2 -> Número de programas por ministerio según categoría global de cumplimiento de compromisos a junio de 2026
A51: ='C IV.1.4'!A1 -> Cuadro IV.1.4 | B51: ='C IV.1.4'!A2 -> Programas egresados del seguimiento de compromisos en junio de 2026
A52: ='C IV.1.5'!A1 -> Cuadro IV.1.5 | B52: ='C IV.1.5'!A2 -> Programas/evaluaciones en categoría global "no cumplido" en el seguimiento de compromisos a junio 2026
A53: ='C IV.1.6'!A1 -> Cuadro IV.1.6 | B53: ='C IV.1.6'!A2 -> Programas con observaciones o desviación
A54: ='C IV.1.7'!A1 -> Cuadro IV.1.7 | B54: ='C IV.1.7'!A2 -> Listado de programas fusionados en el proceso de evaluación ex ante 2027
A55: ='C IV.1.8'!A1 -> Cuadro IV.1.8 | B55: ='C IV.1.8'!A2 -> Programas con evaluación ex post finalizada y variación presupuestaria propuesta en Proyecto de Ley de Presupuestos 2027
A57: Capítulo V. Gastos tributarios
A58: ='C V.3.1'!A1 -> Cuadro V.3.1 | B58: ='C V.3.1'!A2 -> Gasto tributario 2027
A59: ='C V.3.2'!A1 -> Cuadro V.3.2 | B59: ='C V.3.2'!A2&" - "&'C V.3.2'!A3 -> Gasto tributario 2027 - Ordenado por sector u objetivo beneficiado
A60: ='C V.3.3'!A1 -> Cuadro V.3.3 | B60: ='C V.3.3'!A2 -> Gasto tributario 2025-2027
A61: ='C V.3.4'!A1 -> Cuadro V.3.4 | B61: ='C V.3.4'!A2&" - "&'C V.3.4'!A3 -> Gasto tributario 2027 - Partidas más relevantes
A63: Capítulo VI. Avances institucionales en transparencia fiscal y presupuestaria
A64: ='C VI.1.1'!A1 -> Cuadro VI.1.1 | B64: ='C VI.1.1'!A2 -> Detalle de los gastos reservados por institución
A65: ='C VI.1.2'!A1 -> Cuadro VI.1.2 | B65: ='C VI.1.2'!A2 -> Dotación máxima del personal del sector público(1,2,3,4)
A66: ='C VI.1.3'!A1 -> Cuadro VI.1.3 | B66: ='C VI.1.3'!A2 -> Asignación por funciones críticas(1,2)
A67: ='C VI.1.4'!A1 -> Cuadro VI.1.4 | B67: ='C VI.1.4'!A2 -> Cupos de personal a honorarios y asesores de autoridad(1,2)
A68: ='C VI.1.5'!A1 -> Cuadro VI.1.5 | B68: ='C VI.1.5'!A2 -> Gasto máximo autorizado en horas extraordinarias(1,2)
A69: ='C VI.1.6'!A1 -> Cuadro VI.1.6 | B69: ='C VI.1.6'!A2 -> Gasto máximo autorizado en viáticos nacionales(1,2,3)
A70: ='C VI.1.7'!A1 -> Cuadro VI.1.7 | B70: ='C VI.1.7'!A2 -> Dotación de vehículos(1)
A72: Anexo I. Antecedentes para el cálculo del balance cíclicamente ajustado 2026 y 2027
A73: ='C A.I.1'!A1 -> Cuadro A.I.1 | B73: ='C A.I.1'!A2 -> Variables estructurales 2026 (p)
A74: ='C A.I.2'!A1 -> Cuadro A.I.2 | B74: ='C A.I.2'!A2 -> Variables económicas efectivas 2026 (p)
A75: ='C A.I.3'!A1 -> Cuadro A.I.3 | B75: ='C A.I.3'!A2 -> Ingresos efectivos, componente cíclico e ingresos cíclicamente ajustados 2026 (p)
A76: ='C A.I.4'!A1 -> Cuadro A.I.4 | B76: ='C A.I.4'!A2 -> Balance cíclicamente ajustado del Gobierno Central total 2026 (p)
A77: ='C A.I.5'!A1 -> Cuadro A.I.5 | B77: ='C A.I.5'!A2 -> Variables estructurales 2027 (p)
A78: ='C A.I.6'!A1 -> Cuadro A.I.6 | B78: ='C A.I.6'!A2 -> Variables económicas efectivas 2027 (p)
A79: ='C A.I.7'!A1 -> Cuadro A.I.7 | B79: ='C A.I.7'!A2 -> Ingresos efectivos, componente cíclico e ingresos cíclicamente ajustados 2027 (p)
A80: ='C A.I.8'!A1 -> Cuadro A.I.8 | B80: ='C A.I.8'!A2 -> Balance cíclicamente ajustado del Gobierno Central total 2027 (p)
A82: Anexo II. Información estadística complementaria
A83: ='C A.II.1'!A1 -> Cuadro A.II.1 | B83: ='C A.II.1'!A2 -> Supuestos macroeconómicos 2027-2031 (p)
A84: ='C A.II.2'!A1 -> Cuadro A.II.2 | B84: ='C A.II.2'!A2 -> Ingresos tributarios GMP10
A85: ='C A.II.3'!A1 -> Cuadro A.II.3 | B85: ='C A.II.3'!A2&" del "&'C A.II.3'!A3&" "&'C A.II.3'!A5 -> Estado de operaciones 2026-2027 del Gobierno Central total (millones de pesos de cada año)
A86: ='C A.II.4'!A1 -> Cuadro A.II.4 | B86: ='C A.II.4'!A2&" del "&'C A.II.4'!A3&" "&'C A.II.4'!A5 -> Estado de operaciones 2026-2027 del Gobierno Central total (millones de pesos 2027)
A87: ='C A.II.5'!A1 -> Cuadro A.II.5 | B87: ='C A.II.5'!A2&" del "&'C A.II.5'!A3&" "&'C A.II.5'!A5 -> Estado de operaciones 2026-2027 del Gobierno Central total (% del PIB)
A88: ='C A.II.6'!A1 -> Cuadro A.II.6 | B88: ='C A.II.6'!A2&" del "&'C A.II.6'!A3&" "&'C A.II.6'!A5 -> Estado de operaciones 2026-2027 del Gobierno Central presupuestario (millones de pesos de cada año)
A89: ='C A.II.7'!A1 -> Cuadro A.II.7 | B89: ='C A.II.7'!A2&" del "&'C A.II.7'!A3&" "&'C A.II.7'!A5 -> Estado de operaciones 2026-2027 del Gobierno Central presupuestario (millones de pesos 2027)
A90: ='C A.II.8'!A1 -> Cuadro A.II.8 | B90: ='C A.II.8'!A2&" del "&'C A.II.8'!A3&" "&'C A.II.8'!A5 -> Estado de operaciones 2026-2027 del Gobierno Central presupuestario (% del PIB)
A91: ='C A.II.9'!A1 -> Cuadro A.II.9 | B91: ='C A.II.9'!A2&" - "&'C A.II.9'!A3&" "&'C A.II.9'!A4 -> Ingresos por impuestos - Ejecución presupuestaria consolidada (millones de pesos de cada año)
A92: ='C A.II.10'!A1 -> Cuadro A.II.10 | B92: ='C A.II.10'!A2&" - "&'C A.II.10'!A3&" "&'C A.II.10'!A4 -> Ingresos por impuestos - Ejecución presupuestaria consolidada (millones de pesos 2027)
A93: ='C A.II.11'!A1 -> Cuadro A.II.11 | B93: ='C A.II.11'!A2&" - "&'C A.II.11'!A3&" "&'C A.II.11'!A4 -> Ingresos por impuestos - Ejecución presupuestaria mineras privadas consolidadas (millones de pesos de cada año)
A94: ='C A.II.12'!A1 -> Cuadro A.II.12 | B94: ='C A.II.12'!A2&" - "&'C A.II.12'!A3&" "&'C A.II.12'!A4 -> Ingresos por impuestos - Ejecución presupuestaria mineras privadas consolidadas (millones de pesos 2027)
A95: ='C A.II.13'!A1 -> Cuadro A.II.13 | B95: ='C A.II.13'!A2&" - "&'C A.II.13'!A3&" "&'C A.II.13'!A4 -> Ingresos por impuestos - Ejecución presupuestaria sin mineras privadas consolidado (millones de pesos de cada año)
A96: ='C A.II.14'!A1 -> Cuadro A.II.14 | B96: ='C A.II.14'!A2&" - "&'C A.II.14'!A3&" "&'C A.II.14'!A4 -> Ingresos por impuestos - Ejecución presupuestaria sin mineras privadas consolidado (millones de pesos 2027)
A98: Anexo III. Informes financieros de proyectos de ley e indicaciones entre julio y septiembre de 2026
A99: ='C A.III.1'!A1 -> Cuadro A.III.1 | B99: ='C A.III.1'!A2&" "&'C A.III.1'!A3 -> Informes financieros de Proyectos de Ley enviados entre julio y septiembre de 2026, con efectos en los gastos fiscales(1)
A100: ='C A.III.2'!A1 -> Cuadro A.III.2 | B100: ='C A.III.2'!A2 &" "&'C A.III.2'!A3 -> Informes financieros de Proyectos de Ley enviados entre julio y septiembre de 2026, con efectos en los ingresos fiscales
A101: ='C A.III.3'!A1 -> Cuadro A.III.3 | B101: ='C A.III.3'!A2&" "&'C A.III.3'!A3 -> Informes financieros de Proyectos de Ley enviados entre julio y septiembre de 2026, sin efecto en gastos o ingresos fiscales
A103: Anexo V. Asignación funcional de los recursos
A104: ='C A.V.1'!A1 -> Cuadro A.V.1 | B104: ='C A.V.1'!A2&" - "&'C A.V.1'!A3 -> Clasificación funcional de erogaciones del Gobierno Central presupuestario - Proyecto de ley de Presupuestos 2027(1)
A106: Anexo VI. Comparación proyecto de Ley de Presupuestos 2027 respecto Ley de Presupuestos 2026
A107: ='C A.VI.1'!A1 -> Cuadro A.VI.1 | B107: ='C A.VI.1'!A2 -> Gasto del Gobierno Central total 2027 (p)
A109: Recuadro 2. Evolución reciente y perspectivas del gasto de capital
A110: ='C R.2.1'!A1 -> Cuadro R.2.1 | B110: ='C R.2.1'!A2 -> Construcción del gasto de capital según su clasificador presupuestario
A112: Recuadro 4. Asistencia técnica del FMI en estadísticas de las finanzas públicas
A113: ='C R.4.1'!A1 -> Cuadro R.4.1 | B113: ='C R.4.1'!A2 -> Calendario de implementación de las recomendaciones

Sheet C I.1.1
A1: Cuadro I.1.1
A2: Supuestos macroeconómicos 2026 (p)
B4: IFP 2T26 | C4: IFP 3T26
A5: PIB | B5: 1.7544846 | C5: 0.65670834
A6: (var. real anual, %)
A7: PIB minero | B7: -0.91006354 | C7: -3.2584378
A8: (var. real anual, %)
A9: PIB no minero | B9: 2.1550602 | C9: 1.2452929
A10: (var. real anual, %)
A11: Demanda interna | B11: 2.3886021 | C11: 1.3249783
A12: (var. real anual, %)
A13: IPC | B13: 3.5971223 | C13: 3.7690611
A14: (var. anual, % promedio)
A15: Tipo de cambio | B15: 900.00065 | C15: 905.8066
A16: ($/US$, promedio, valor nominal)
A17: Precio del cobre | B17: 590.49703 | C17: 615.30814
A18: (USc$/lb, promedio, BML)
A19: Precio petróleo WTI | B19: 84.995999 | C19: 84.624664
A20: (US$/bbl)
A21: Precio del litio | B21: 19 | C21: 19.441118
A22: (US$/kg)
A23: Nota: Actualización del IFP 3T26 con un nivel de PIB nominal 2026 estimado en $368.922 miles de millones. Tipo de cambio a diciembre: 910. Cierre estadístico de proyecciones macroeconómicas: 18 de agosto de 2026.
A27: (p) Proyección.
A28: Fuente: Ministerio de Hacienda.

Sheet C I.1.2
A1: Cuadro I.1.2
A2: Detalles supuestos de crecimiento económico y cuenta corriente 2026 (p)
B4: IFP 2T26 | C4: IFP 3T26
A5: Demanda interna | B5: 2.3886021 | C5: 1.3249783
A6: (var. real anual, %)
A7: Consumo total | B7: 1.9522437 | C7: 1.9109398
A8: (var. real anual, %)
A9: Formación bruta de capital fijo | B9: 3.2647497 | C9: -0.42372703
A10: (var. real anual, %)
A11: Exportación de bienes y servicios | B11: -0.14192179 | C11: -2.594882
A12: (var. real anual, %)
A13: Importación de bienes y servicios | B13: 1.5979537 | C13: -0.93194125
A14: (var. real anual, %)
A15: Cuenta corriente | B15: -0.64314557 | C15: 0.89845463
A16: (% del PIB)
A17: (p) Proyección.
A18: Fuente: Ministerio de Hacienda.

Sheet C I.2.1
A1: Cuadro I.2.1
A2: Ingresos del Gobierno Central total 2026 (p)
A3: (millones de pesos 2026, % de variación real y % del PIB)
B5: IFP 2T26 | C5: IFP 3T26 | D5: Diferencia IFP 3T26-2T26 | E5: IFP 3T26
E6: Var. real anual (%) | F6: % del PIB
A7: TRANSACCIONES QUE AFECTAN EL PATRIMONIO NETO | B7: 79677858 | C7: 80643382 | D7: 965523.85 | E7: 7.0525931 | F7: 21.859177
A8: Ingresos tributarios netos | B8: 64312710 | C8: 64875231 | D8: 562520.69 | E8: 3.0914366 | F8: 17.585066
A9: Tributación minería privada (GMP10) | B9: 7235155 | C9: 7843160.7 | D9: 608005.62 | E9: 42.925021 | F9: 2.1259654
A10: Tributación resto contribuyentes | B10: 57077555 | C10: 57032070 | D10: -45484.932 | E10: -0.71397147 | F10: 15.4591
A11: Traspasos Codelco | B11: 2869639.4 | C11: 3140900.7 | D11: 271261.27 | E11: 72.546058 | F11: 0.85137183
A12: Cobre bruto | B12: 2869639.4 | C12: 3058414.7 | D12: 188775.3 | E12: 68.014673 | F12: 0.8290132
A13: Ingresos litio | B13: 0 | C13: 82485.976 | D13: 82485.976 | E13: - | F13: 0.02235863
A14: Imposiciones previsionales | B14: 5097208.1 | C14: 5097208.1 | D14: 0 | E14: 12.486636 | F14: 1.3816481
A15: Donaciones | B15: 110259.86 | C15: 151945.2 | D15: 41685.345 | E15: 102.58666 | F15: 0.041186233
A16: Rentas de la propiedad | B16: 2888366.8 | C16: 2948306 | D16: 59939.255 | E16: 60.957414 | F16: 0.79916717
A17: Ingresos por litio de Corfo | B17: 1108264.8 | C17: 1168204.1 | D17: 59939.255 | E17: 251.59106 | F17: 0.31665313
A18: Resto de rentas de la propiedad | B18: 1780102 | C18: 1780102 | D18: 0 | E18: 18.715543 | F18: 0.48251404
A19: Ingresos de operación | B19: 1584993 | C19: 1559771.9 | D19: -25221.064 | E19: -1.4833839 | F19: 0.42279143
A20: Otros ingresos | B20: 2814680.6 | C20: 2870019 | D20: 55338.347 | E20: 12.148803 | F20: 0.7779467
A21: TRANSACCIONES EN ACTIVOS NO FINANCIEROS | B21: 13813.787 | C21: 13813.787 | D21: 0 | E21: 10.602205 | F21: 0.0037443621
A22: Venta de activos físicos | B22: 13813.787 | C22: 13813.787 | D22: 0 | E22: 10.602205 | F22: 0.0037443621
A23: TOTAL INGRESOS | B23: 79691672 | C23: 80657196 | D23: 965523.85 | E23: 7.0531816 | F23: 21.862921
A24: (p) Proyección.
A25: Fuente: Dipres.

Sheet C I.2.2
A1: Cuadro I.2.2
A2: Ingresos tributarios netos 2026 (p)
A3: (millones de pesos 2026, % de variación real y % del PIB)
B5: IFP 2T26 | C5: IFP 3T26 | D5: Diferencia IFP 3T26-2T26 | E5: IFP 3T26
E6: Var. real anual (%) | F6: % del PIB
A7: Impuestos a la renta | B7: 28388421 | C7: 29937651 | D7: 1549229.8 | E7: 10.726085 | F7: 8.114893
A8: Declaración anual | B8: -382102.26 | C8: -158117.86 | D8: 223984.39 | E8: -508.67079 | F8: -0.042859392
A9: Impuestos | B9: 19693509 | C9: 19734717 | D9: 41207.829 | E9: 5.2546234 | F9: 5.349288
A10: Sistemas de pagos | B10: -20075612 | C10: -19892835 | D10: 182776.56 | E10: 6.3173335 | F10: -5.3921474
A11: Declaración y pago mensual | B11: 8624320.1 | C11: 9105808.2 | D11: 481488.14 | E11: 0.79703294 | F11: 2.4682183
A12: Pagos provisionales mensuales | B12: 20146204 | C12: 20989961 | D12: 843757.24 | E12: 16.837551 | F12: 5.6895341
A13: Impuesto al valor agregado | B13: 29914221 | C13: 29281097 | D13: -633124 | E13: -1.1629649 | F13: 7.9369275
A14: IVA declarado | B14: 46687985 | C14: 46054861 | D14: -633124 | E14: 0.50538686 | F14: 12.48362
A15: Crédito especial empresas constructoras | B15: -373129.49 | C15: -373129.49 | D15: 0 | E15: -10.753312 | F15: -0.1011404
A16: Devoluciones | B16: -16400634 | C16: -16400634 | D16: 0 | E16: 3.9359714 | F16: -4.4455523
A17: Impuestos a productos específicos | B17: 3578861.6 | C17: 3360597.1 | D17: -218264.51 | E17: -17.015199 | F17: 0.91092269
A18: Tabacos, cigarros y cigarrillos | B18: 934231.23 | C18: 951554.89 | D18: 17323.659 | E18: -3.4772362 | F18: 0.25792825
... A26: INGRESOS NETOS POR IMPUESTOS | B26: 64312710 | C26: 64875231 | D26: 562520.69 | E26: 3.0914366 | F26: 17.585066
A27: (p) Proyección.
A28: Fuente: Dipres.

Sheet C I.3.1
A1: Cuadro I.3.1
A2: Parámetros de referencia del balance cíclicamente ajustado 2026 (p)
B4: IFP 2T26 | C4: IFP 3T26
A5: PIB no minero
A6: PIB tendencial no minero (% de variación real) | B6: 2.5908259 | C6: 2.5908259
A7: Brecha: PIB no minero tendencial/PIB no minero (%) | B7: 1.12 | C7: 2.03
A8: Cobre
A9: Precio de referencia (USc$2026/lb) | B9: 438 | C9: 438
A10: Precio de cobre BML (USc$2026/lb) | B10: 590.49703 | C10: 615.30814
A11: Brecha: precio de referencia/precio BML (%) | B11: -25.825198 | C11: -28.816154
A12: Litio
A13: Umbral del litio (% del PIB) | B13: 0.3523318 | C13: 0.3523318
A14: Ajuste (% del PIB) | B14: N/A | C14: N/A
A15: Notas: El PIB no minero tendencial y el precio de referencia del cobre 2026 corresponden a los estimados por los Comités reunidos para el Presupuesto 2026, en julio de 2025. Por su parte, el umbral del litio 2026 corresponde al promedio de los ingresos por rentas de la propiedad provenientes de la explotación del litio de Corfo entre agosto de 2018 y julio de 2025, como porcentaje del PIB del período entre julio de 2018 y junio de 2025. Para reflejar la nueva metodología (Decreto Exento N° 203, de 2026, del Ministerio de Hacienda), a partir de este IFP, la brecha del precio del cobre se presenta como porcentaje, correspondiente a la diferencia del precio de referencia respecto del precio efectivo.
A23: N/A: No aplica. La diferencia entre los ingresos provenientes de la explotación del litio y el umbral del litio es negativa.
A25: (p) Proyección.
A26: Fuente: Dipres.

Sheet C I.3.2
A1: Cuadro I.3.2
A2: Ingresos cíclicamente ajustados del Gobierno Central total 2026 (p)
A3: (millones de pesos 2026 y % de variación real)
B5: IFP 2T26 | C5: IFP 3T26 | D5: Diferencia IFP 3T26-2T26 | E5: Variación IFP 3T26/2025(1) (%)
A6: Total Ingresos | B6: 77470122 | C6: 78661534 | D6: 1191411.4 | E6: 8.8549578
A7: Ingresos tributarios netos | B7: 63048039 | C7: 63975334 | D7: 927294.63 | E7: 3.8199878
A8: Tributación minería privada | B8: 5100911.9 | C8: 5269597 | D8: 168685.09 | E8: 11.29312
A9: Tributación resto de contribuyentes | B9: 57947127 | C9: 58705737 | D9: 758609.54 | E9: 3.1979706
A10: Traspasos Codelco al Fisco por cobre | B10: 1855246.7 | C10: 1861972.6 | D10: 6725.9104 | E10: 2332.6396
A11: Imposiciones previsionales de salud | B11: 4442446.5 | C11: 4332298.4 | D11: -110148.08 | E11: 13.897436
A12: Ingresos por litio (Codelco y Corfo) | B12: 1108264.8 | C12: 1250690 | D12: 142425.23 | E12: 276.41663
A13: Otros Ingresos(2) | B13: 7016125.6 | C13: 7241239.3 | D13: 225113.71 | E13: 12.637296
A14: (1) Los ingresos estructurales de 2025 no incluyen los cambios metodológicos implementados desde el IFP 2T26.
A15: (2) Las cifras correspondientes a otros ingresos no tienen ajuste cíclico por lo que los ingresos efectivos son iguales a los cíclicamente ajustados. Estas contemplan los ingresos por donaciones, rentas de la propiedad (sin los ingresos por litio de Corfo), ingresos de operación, otros ingresos, ventas de activos físicos e imposiciones previsionales del Ministerio del Trabajo.
A19: (p) Proyección.
A20: Fuente: Dipres.

Sheet C I.4.1
A1: Cuadro I.4.1
A2: Gasto del Gobierno Central total 2026 (p)
A3: (millones de pesos 2026 y % de variación real)
B5: MM$ | C5: Variación 2026/2025 (%) | D5: Variación 2026/ Ley Aprobada(1) (%)
A6: IFP 2T26(2) | B6: 86943684 | C6: 2.2251383 | D6: 0.79628206
A7: Plan de reactivación y empleo | B7: 337000
A8: IFP 3T26(3) | B8: 87280684 | C8: 2.4088933 | D8: 1.1869757
A9: (1) La Ley Aprobada incorpora la estimación de gasto extrapresupuestario.
A10: (2) Supone inflación y tipo de cambio del IFP 2T26: 3,6% y $900 por dólar, respectivamente.
A11: (3) Supone inflación y tipo de cambio del IFP 3T26: 3,8% y $906 por dólar, respectivamente.
A12: (p) Proyección.
A13: Fuente: Dipres.

Sheet C I.4.2
A1: Cuadro I.4.2
A2: Balance del Gobierno Central total 2026 (p)
A3: (millones de pesos 2026 y % del PIB(1))
C5: IFP 2T26(2) | E5: IFP 3T26
C6: MM$ | D6: % del PIB | E6: MM$ | F6: % del PIB
A7: (1) | B7: Ingresos efectivos | C7: 79691672 | D7: 21.871219 | E7: 80657196 | F7: 21.862921
A8: (2) | B8: Ingresos cíclicamente ajustados | C8: 77470122 | D8: 21.26152 | E8: 78661534 | F8: 21.321978
A9: (3) | B9: Gastos | C9: 86943684 | D9: 23.86152 | E9: 87280684 | F9: 23.658283
A10: (1) - (3) | B10: Balance efectivo | C10: -7252012.4 | D10: -1.9903003 | E10: -6623488.6 | F10: -1.7953613
A11: (2) - (3) | B11: Balance cíclicamente ajustado | C11: -9473561.7 | D11: -2.6 | E11: -8619150.3 | F11: -2.3363049
A12: (1) PIB proyectado en cada informe.
A13: (2) Escenario base.
A14: (p) Proyección.
A15: Fuente: Dipres.

Sheet C I.5.1
A1: Cuadro I.5.1
A2: Necesidades de financiamiento del Gobierno Central 2026 (p)
A3: (millones de pesos 2026)
C5: IFP 2T26 | D5: IFP 3T26
A6: Usos | B6: Necesidades de financiamiento | C6: 22553258 | D6: 24073706
B7: Déficit efectivo | C7: 7252012.4 | D7: 6623488.6
B8: Amortizaciones de deuda | C8: 6689408.2 | D8: 6750149.5
B9: Disminución de deuda flotante(1) | C9: 2812442.5 | D9: 2812442.5
B10: Ejecución garantía CAE | C10: 408362 | D10: 396949.11
B11: Compra cartera CAE | C11: 493672 | D11: 479874.87
B12: Bonos de reconocimiento | C12: 129340 | D12: 125725.21
B13: Acciones multilaterales | C13: 119630.79 | D13: 120402.53
B14: Aportes empresas públicas | C14: 349845.02 | D14: 320190.36
B15: Compra de títulos y valores de los servicios | C15: 746763.4 | D15: 711836.26
B16: Operación fondos del Tesoro Público(2) | C16: 857953.35 | D16: 1148250.1
B17: Préstamos netos (otorgamiento - recuperación) | C17: 1333715.8 | D17: 1296441.1
B18: Aporte a otros activos del tesoro público (OATP) | C18: 1360112.2 | D18: 3287955.8
A19: Fuentes | B19: Fuentes de financiamiento | C19: 22553258 | D19: 24073706
B20: Superávit efectivo | C20: 0 | D20: 0
B21: Emisión de deuda | C21: 19972242 | D21: 21473927
B22: Uso de activos financieros | C22: 899554.4 | D22: 948454.5
B23: Venta de títulos y valores de los servicios | C23: 776572.74 | D23: 746435.54
B24: Ingresos flotantes(3) | C24: 904888.44 | D24: 904888.44
A25: (1) Corresponde al uso para la disminución de los compromisos devengados y no pagados al 31 de diciembre del ejercicio presupuestario, en conformidad a lo dispuesto en los artículos N° 12 y N° 19 del D.L. N° 1.263 de 1975, en consecuencia, se proyectan solo para el año en curso.
A28: (2) A partir de este informe, la cuota del Banco Central de Chile (Dto N°1.526 de 2010 del Ministerio de Hacienda) se presenta dentro de operación de fondos del Tesoro Público.
A30: (3) Aquellos devengados y no percibidos al 31 de diciembre del año anterior, en conformidad a lo dispuesto en el artículo N° 12 del D.L. N° 1.263 de 1975, en consecuencia, se proyectan solo para el año en curso.
A32: (p) Proyección.
A33: Fuente: Dipres.

Sheet C I.6.1
A1: Cuadro I.6.1
A2: Posición financiera neta del Gobierno Central total, cierre 2026 (p)(1)
A3: (millones US$ al 31 de diciembre y % del PIB)
B5: IFP 2T26 | D5: IFP 3T26
B6: MMUS$ | C6: % del PIB | D6: MMUS$ | E6: % del PIB
A7: Activos del tesoro público | B7: 16065.228 | C7: 3.9978862 | D7: 18957.674 | E7: 4.6741438
A8: Deuda bruta | B8: 171429.19 | C8: 42.660731 | D8: 173165.22 | E8: 42.695068
A9: Posición financiera neta | B9: -155363.96 | C9: -38.662845 | D9: -154207.55 | E9: -38.020924
A10: (1) Estimaciones de tipo de cambio y PIB correspondientes a cada IFP.
A11: (p) Proyección.
A12: Fuente: Dipres.

Sheet C II.1.1
A1: Cuadro II.1.1
A2: Supuestos macroeconómicos 2027 (p)
B4: IFP 2T26 | C4: IFP 3T26
A5: PIB | B5: 2.8148681 | C5: 3.2688122
A6: (var. real anual, %)
A7: PIB minero | B7: 2.2236913 | C7: 2.941504
A8: (var. real anual, %)
A9: PIB no minero | B9: 2.9111233 | C9: 3.3317049
A10: (var. real anual, %)
A11: Demanda interna | B11: 2.9089299 | C11: 4.163862
A12: (var. real anual, %)
A13: IPC | B13: 2.6136771 | C13: 2.8751508
A14: (var. anual, % promedio)
A15: Tipo de cambio | B15: 897.52302 | C15: 885.90525
A16: ($/US$, promedio, valor nominal)
A17: Precio del cobre | B17: 551.47623 | C17: 564.84057
A18: (USc$/lb, promedio, BML)
A19: Precio petróleo WTI | B19: 74.839496 | C19: 75.108677
A20: (US$/bbl)
A21: Precio del litio | B21: 15 | C21: 18.019696
A22: (US$/kg)
A23: Nota: Actualización del IFP 3T26 con un nivel de PIB nominal 2027 estimado en $384.875 miles de millones. Tipo de cambio a diciembre 2027: 881. Cierre estadístico de proyecciones macroeconómicas: 18 de agosto de 2026.
A26: (p) Proyección.
A27: Fuente: Ministerio de Hacienda.

Sheet C II.1.2
A1: Cuadro II.1.2
A2: Detalle supuestos de crecimiento económico y cuenta corriente 2027 (p)
B4: IFP 2T26 | C4: IFP 3T26
A5: Demanda interna | B5: 2.9089299 | C5: 4.163862
A6: (var. real anual, %)
A7: Consumo total | B7: 2.6460718 | C7: 2.2174186
A8: (var. real anual, %)
A9: Formación bruta de capital fijo | B9: 6.7644145 | C9: 8.1211375
A10: (var. real anual, %)
A11: Exportación de bienes y servicios | B11: 3.7104427 | C11: 3.7383332
A12: (var. real anual, %)
A13: Importación de bienes y servicios | B13: 4.2269193 | C13: 6.7808564
A14: (var. real anual, %)
A15: Cuenta corriente | B15: -1.177904 | C15: -1.7815646
A16: (% del PIB)
A17: (p) Proyección.
A18: Fuente: Ministerio de Hacienda.

Sheet C II.2.1
A1: Cuadro II.2.1
A2: Ingresos del Gobierno Central total 2027 (p)
A3: (millones de pesos 2027, % de variación real y % del PIB)
B5: MM$ | C5: Variación 2027/2026 (%) | D5: % del PIB
A6: TRANSACCIONES QUE AFECTAN EL PATRIMONIO NETO | B6: 84395304 | C6: 1.7276621 | D6: 21.927988
A7: Ingresos tributarios netos | B7: 69088630 | C7: 3.5183121 | D7: 17.950935
A8: Tributación minería privada (GMP10) | B8: 8232606 | C8: 2.0318432 | D8: 2.1390347
A9: Tributación resto contribuyentes | B9: 60856024 | C9: 3.7227342 | D9: 15.811901
A10: Traspasos Codelco | B10: 2525760.2 | C10: -21.832284 | D10: 0.65625498
A11: Cobre bruto | B11: 2446178.8 | C11: -22.25341 | D11: 0.63557778
A12: Ingresos litio | B12: 79581.329 | C12: -6.2177637 | D12: 0.020677198
A13: Imposiciones previsionales | B13: 5380093.8 | C13: 2.5999141 | D13: 1.3978815
A14: Donaciones | B14: 95152.47 | C14: -39.127298 | D14: 0.024722966
A15: Rentas de la propiedad | B15: 2655722.9 | C15: -12.441218 | D15: 0.69002251
A16: Ingresos por litio de Corfo | B16: 875251.27 | C16: -27.171133 | D16: 0.22741193
A17: Resto de rentas de la propiedad | B17: 1780471.6 | C17: -2.774611 | D17: 0.46261058
... A22: TOTAL INGRESOS | B22: 84424236 | C22: 1.7451074 | D22: 21.935505
A23: (p) Proyección.
A24: Fuente: Dipres.

Sheet C II.2.2
A1: Cuadro II.2.2
A2: Ingresos tributarios netos 2027 (p)
A3: (millones de pesos 2027 y % de variación real)
B5: MM$ | C5: Variación 2027/2026 (%)
A6: Impuestos a la renta | B6: 31509153 | C6: 2.3077477
A7: Minería privada | B7: 8232606 | C7: 2.0318432
A8: Resto de contribuyentes | B8: 23276547 | C8: 2.405689
A9: Impuesto al valor agregado | B9: 30800718 | C9: 2.2499305
A10: Impuestos a productos específicos | B10: 4163022.6 | C10: 20.415347
A11: Tabacos, cigarros y cigarrillos | B11: 987847.57 | C11: 0.91264956
A12: Combustibles | B12: 3099688.7 | C12: 29.147808
A13: Derechos de extracción ley de pesca | B13: 75486.367 | C13: -3.4656374
A14: Impuestos a los actos jurídicos | B14: 1015320.9 | C14: 5.0988209
A15: Impuestos al comercio exterior | B15: 648466.35 | C15: 16.162244
A16: Otros | B16: 951948.75 | C16: 13.653179
A17: Fluctuación deudores más diferencias pendientes | B17: -1527684.8 | C17: 1.2128797
... A19: INGRESOS NETOS POR IMPUESTOS | B19: 69088630 | C19: 3.5183121
A20: (p) Proyección.
A21: Fuente: Dipres.

Sheet C II.3.1
A1: Cuadro II.3.1
A2: Antecedentes para determinar el umbral por ingresos del litio 2027
A3: (% del PIB)
B5: Ingresos presupuestarios de litio de Corfo y Codelco
A6: agosto 2019 - julio 2020 | B6: 0.048971374
A7: agosto 2020 - julio 2021 | B7: 0.026223588
A8: agosto 2021 - julio 2022 | B8: 0.63155767
A9: agosto 2022 - julio 2023 | B9: 1.1991941
A10: agosto 2023 - julio 2024 | B10: 0.3745178
A11: agosto 2024 - julio 2025 | B11: 0.10233445
A12: agosto 2025 - julio 2026 | B12: 0.2554503
A13: Umbral | B13: 0.37689275
A14: Nota: El umbral de litio es calculado como el promedio de los períodos expuestos (entre agosto y julio del año correspondiente), como porcentaje del PIB (entre julio y junio del año correspondiente).
A18: Fuente: Corfo.

Sheet C II.3.2
A1: Cuadro II.3.2
A2: Parámetros de referencia del balance cíclicamente ajustado 2026 y 2027 (p)
B4: 2026 | C4: 2027
A5: PIB no minero
A6: PIB tendencial no minero (% de variación real) | B6: 2.5908259 | C6: 2.62796
A7: Brecha: PIB no minero tendencial/PIB no minero (%) | B7: 2.03 | C7: 0.69
A8: Cobre
A9: Precio de referencia (USc$2027/lb) | B9: 447.37848 | C9: 537
A10: Precio de cobre BML (USc$2027/lb) | B10: 628.48316 | C10: 564.84057
A11: Brecha: precio de referencia/precio BML (%) | B11: -28.816154 | C11: -4.9289253
A12: Litio
A13: Umbral del litio (% del PIB) | B13: 0.3523318 | C13: 0.37689275
A14: Ajuste (% del PIB) | B14: N/A | C14: N/A
A15: Nota: El PIB no minero tendencial y el precio de referencia del cobre de 2026 corresponden a los estimados por los Comités reunidos en julio de 2025, mientras que los de 2027 corresponden a los reunidos con ocasión de la elaboración del Presupuesto del año 2027, en julio de este año. El umbral del litio 2027 corresponde al promedio de los ingresos provenientes de la explotación del litio de Corfo y Codelco entre agosto de 2019 y julio de 2026, como porcentaje del PIB del período entre julio de 2019 y junio de 2026. Para reflejar la nueva metodología, a partir de este IFP, la brecha del precio del cobre se presenta como porcentaje. Por su parte, 2026 se presenta en USc$2027 para mejor comparabilidad, deflactado con el IPC de EEUU estimado por el FMI en el World Economic Outlook de abril de 2026, correspondiente al utilizado por el comité del precio de referencia del cobre (variación promedio 2027: 2,14%).
A26: N/A: No aplica. La diferencia entre los ingresos provenientes de la explotación del litio y el umbral del litio es negativa.
A28: (p) Proyección.
A29: Fuente: Dipres.

Sheet C II.3.3
A1: Cuadro II.3.3
A2: Ingresos cíclicamente ajustados del Gobierno Central total 2027 (p)
A3: (millones de pesos de 2027, % de variación real y % del PIB)
B5: MM$ | C5: Variación 2027/2026 (%) | D5: % del PIB
A6: Total ingresos | B6: 84248069 | C6: 4.1087093 | D6: 21.889733
A7: Ingresos tributarios netos | B7: 69050020 | C7: 4.9157688 | D7: 17.940904
A8: Tributación minería privada | B8: 7759861.3 | C8: 43.141667 | D8: 2.016204
A9: Tributación resto de contribuyentes | B9: 61290159 | C9: 1.4845014 | D9: 15.9247
A10: Traspasos Codelco al Fisco por cobre | B10: 2272159.8 | C10: 18.619232 | D10: 0.59036333
A11: Imposiciones previsionales de salud | B11: 4550450.6 | C11: 2.099958 | D11: 1.1823197
A12: Ingresos por litio (Codelco y Corfo) | B12: 954832.6 | C12: -25.789209 | D12: 0.24808913
A13: Otros Ingresos(1) | B13: 7420605.9 | C13: -0.3870079 | D13: 1.928057
A14: (1) Las cifras correspondientes a otros ingresos no tienen ajuste cíclico por lo que los ingresos efectivos son iguales a los cíclicamente ajustados. Estas contemplan los ingresos por donaciones, rentas de la propiedad (sin los ingresos por litio de Corfo), ingresos de operación, otros ingresos, ventas de activos físicos e imposiciones previsionales del Ministerio del Trabajo.
A18: (p) Proyección.
A19: Fuente: Dipres.

Sheet C II.4.1
A1: Cuadro II.4.1
A2: Nivel y composición del gasto del Gobierno Central total 2027 (p)(1)
A3: (millones de pesos 2027 y % de variación real)
B5: Cierre proyectado 2026 | C5: Proyecto de ley de Presupuestos 2027 | D5: Variación 2027/2026 (%) | E5: % del PIB
A8: Gastos que afectan el patrimonio neto | B8: 77386451 | C8: 77868578 | D8: 0.62301297 | E8: 20.232183
A9: Personal | B9: 19158249 | C9: 19158964 | D9: 0.0037298444 | E9: 4.9779728
A10: Bienes y servicios de consumo y producción | B10: 7431444.9 | C10: 7253526.3 | D10: -2.3941314 | E10: 1.8846456
A11: Intereses | B11: 4746775.4 | C11: 5093706.5 | D11: 7.3087728 | E11: 1.323471
A12: Subsidios y donaciones | B12: 28926601 | C12: 29856773 | D12: 3.215629 | E12: 7.7575283
A13: Prestaciones previsionales | B13: 16956039 | C13: 16472320 | D13: -2.852783 | E13: 4.2799163
A14: Otros | B14: 167340.85 | C14: 33288.258 | D14: -80.107512 | E14: 0.008649113
A15: Gastos en activos no financieros | B15: 12403685 | C15: 13307238 | D15: 7.2845536 | E15: 3.4575496
A16: Inversión | B16: 4947612.4 | C16: 5381378.3 | D16: 8.7671769 | E16: 1.3982152
A17: Transferencias de capital | B17: 7456072.5 | C17: 7925859.6 | D17: 6.300732 | E17: 2.0593344
A18: Total gastos | B18: 89790135 | C18: 91175816 | D18: 1.5432438 | E18: 23.689733
A19: (1) Las cifras corresponden al gasto del Gobierno Central total, lo que incluye las estimaciones respectivas de gasto extrapresupuestario en Gasto por Intereses.
A21: (p) Proyección.
A22: Fuente: Dipres.

Sheet C II.5.1
A1: Cuadro II.5.1
A2: Balance devengado y cíclicamente ajustado del Gobierno Central total 2027 (p)
A3: (% del PIB)
C5: 2027
A6: (1) | B6: Balance devengado | C6: -1.7542277
A7: (2)=(3)+(6)+(9) | B7: Efecto cíclico en los ingresos | C7: 0.045772338
A8: (3)=(4)+(5) | B8: Efecto cíclico en los ingresos tributarios no mineros y cotizaciones de salud | C8: -0.12227286
A9: (4) | B9: Ingresos tributarios no mineros | C9: -0.11279893
A10: (5) | B10: Imposiciones previsionales de Salud | C10: -0.0094739262
A11: (6)=(7)+(8) | B11: Efecto cíclico del cobre | C11: 0.1680452
A12: (7) | B12: Codelco | C12: 0.045214449
A13: (8) | B13: Tributación minería privada | C13: 0.12283075
A14: (9) | B14: Efecto del litio | C14: 0
A15: (10)=(1)-(2) | B15: Balance cíclicamente ajustado | C15: -1.8
A16: Nota: Los porcentajes no suman el total debido a la aproximación de decimales.
A17: (p) Proyección.
A18: Fuente: Dipres.

Sheet C II.6.1
A1: Cuadro II.6.1
A2: Necesidades de financiamiento del Gobierno Central 2027 (p)
A3: (millones de pesos 2027)
C5: IFP 2T26 | D5: IFP 3T26 | E5: Diferencia
A6: Usos | B6: Necesidades de financiamiento | C6: 20045883 | D6: 24665217 | E6: 4619334.4
B7: Déficit efectivo | C7: 5750052.4 | D7: 6751580.5 | E7: 1001528.2
B8: Amortizaciones de deuda | C8: 9324133.7 | D8: 15435052 | E8: 6110918.1
B9: Ejecución garantía CAE | C9: 400543.54 | D9: 302977.67 | E9: -97565.869
B10: Compra cartera CAE | C10: 510072.07 | D10: 489335.51 | E10: -20736.555
B11: Bonos de reconocimiento | C11: 67039.126 | D11: 67213.12 | E11: 173.99369
B12: Acciones multilaterales | C12: 106126.71 | D12: 104753.87 | E12: -1372.8452
B13: Aportes empresas públicas | C13: 484655.68 | D13: 484235.24 | E13: -420.44356
B14: Compra de títulos y valores de los servicios | C14: 805529.76 | D14: 369906.71 | E14: -435623.05
B15: Operación fondos del Tesoro Público(1) | C15: 1587330.2 | D15: 564075.15 | E15: -1023255.1
B16: Préstamos netos (otorgamiento - recuperación) | C16: 1010399.6 | D16: 96087.603 | E16: -914311.99
A17: Fuentes | B17: Fuentes de financiamiento | C17: 20045883 | D17: 24665217 | E17: 4619334.4
B18: Superávit efectivo | C18: 0 | D18: 0 | E18: 0
B19: Emisión de deuda | C19: 18117386 | D19: 21675540 | E19: 3558153.3
B20: Uso de activos financieros | C20: 1105745.7 | D20: 2171950 | E20: 1066204.4
B21: Venta de títulos y valores de los servicios | C21: 822750.86 | D21: 817727.64 | E21: -5023.2156
A22: (1) A partir de este informe, la cuota del Banco Central de Chile (Dto N°1.526 de 2010 del Ministerio de Hacienda) se presenta dentro de operación de fondos del Tesoro Público.
A24: (p) Proyección.
A25: Fuente: Dipres.

Sheet C II.7.1
A1: Cuadro II.7.1
A2: Posición financiera neta del Gobierno Central total, cierre 2027 (p)(1)
A3: (millones US$ al 31 de diciembre y % del PIB)
B5: IFP 2T26 | D5: IFP 3T26
B6: MMUS$ | C6: % del PIB | D6: MMUS$ | E6: % del PIB
A7: Activos del tesoro público | B7: 16087.476 | C7: 3.8 | D7: 16862.95 | E7: 3.8594943
A8: Deuda bruta | B8: 184644.77 | C8: 43.530959 | D8: 185699.06 | E8: 42.501724
A9: Posición financiera neta | B9: -168557.29 | C9: -39.730959 | D9: -168836.11 | E9: -38.64223
A10: (1) Estimaciones de tipo de cambio y PIB correspondientes a cada IFP.
A11: (p) Proyección.
A12: Fuente: Dipres.

Sheet C II.8.1
A1: Cuadro II.8.1
A2: Proyecto de Ley de Presupuestos 2027
A3: (miles de pesos 2027 y % de variación real)
A5: N° | B5: PARTIDAS | C5: Ley inicial 2026 + Dif. reajuste + leyes especiales + ajustes | D5: Proyecto de Ley de Presupuestos 2027 | E5: Diferencia | F5: Variación (%)
A8: 01 | B8: PRESIDENCIA DE LA REPÚBLICA | C8: 23554770 | D8: 22806322 | E8: -748448 | F8: -3.1774796
A9: 02 | B9: CONGRESO NACIONAL | C9: 187992900 | D9: 188229031 | E9: 236131 | F9: 0.12560634
A10: 03 | B10: PODER JUDICIAL | C10: 804787499 | D10: 832845266 | E10: 28057767 | F10: 3.4863572
A11: 04 | B11: CONTRALORÍA GENERAL DE LA REPÚBLICA | C11: 123618682 | D11: 130959397 | E11: 7340715 | F11: 5.9381923
A12: 05 | B12: MINISTERIO DEL INTERIOR | C12: 681288963 | D12: 683510887 | E12: 2221924 | F12: 0.32613533
A13: 06 | B13: MINISTERIO DE RELACIONES EXTERIORES | C13: 289389858 | D13: 301309062 | E13: 11919204 | F13: 4.1187359
A14: 07 | B14: MINISTERIO DE ECONOMÍA, FOMENTO Y TURISMO | C14: 651085912 | D14: 631990441 | E14: -19095471 | F14: -2.932865
A15: 08 | B15: MINISTERIO DE HACIENDA | C15: 714974215 | D15: 699566466 | E15: -15407749 | F15: -2.1550076
A16: 09 | B16: MINISTERIO DE EDUCACIÓN | C16: 17322835875 | D16: 17320010878 | E16: -2824997 | F16: -0.016307936
A17: 10 | B17: MINISTERIO DE JUSTICIA Y DERECHOS HUMANOS | C17: 842689409 | D17: 1015437290 | E17: 172747881 | F17: 20.499591
A18: 11 | B18: MINISTERIO DE DEFENSA NACIONAL | C18: 2393757137 | D18: 2556931638 | E18: 163174501 | F18: 6.816669
A19: 12 | B19: MINISTERIO DE OBRAS PÚBLICAS | C19: 4312139559 | D19: 4694632726 | E19: 382493167 | F19: 8.8701481
... A39: 32 | B39: MINISTERIO DE SEGURIDAD PÚBLICA | C39: 3256038505 | D39: 3483451730 | E39: 227413225 | F39: 6.9843531
A40: Nota: No considera el descuento de transacciones consolidables, con el objetivo de reflejar la totalidad de los movimientos presupuestarios de las partidas.
A41: Fuente: Dipres.

Sheet C III.4.1
A1: Cuadro III.4.1
A2: Supuestos macroeconómicos 2028-2031 (p)
B4: 2028 | D4: 2029 | F4: 2030 | H4: 2031
B5: IFP 2T26 | C5: IFP 3T26 | D5: IFP 2T26 | E5: IFP 3T26 | F5: IFP 2T26 | G5: IFP 3T26 | H5: IFP 2T26 | I5: IFP 3T26
A6: PIB | B6: 2.1657997 | C6: 2.8256122 | D6: 2.2290758 | E6: 3.2186996 | F6: 2.140926 | G6: 3.5487003 | H6: - | I6: 3.4680347
A7: (var. real anual, %)
A8: PIB minero | B8: 1.7118666 | C8: 1.102876 | D8: 2.2765519 | E8: 1.2957476 | F8: 2.011212 | G8: 1.5057776 | H8: - | I8: 2.2299464
A9: (var. real anual, %)
A10: PIB no minero | B10: 2.2330476 | C10: 3.1228761 | D10: 2.2223939 | E10: 3.526447 | F10: 2.1586852 | G10: 3.8577425 | H10: - | I10: 3.6447048
A11: (var. real anual, %)
A12: Demanda interna | B12: 2.1203699 | C12: 3.8454956 | D12: 2.2657224 | E12: 4.2943057 | F12: 2.008406 | G12: 4.4380685 | H12: - | I12: 4.4817854
A13: (var. real anual, %)
A14: IPC | B14: 3.0440623 | C14: 3.0440623 | D14: 2.9686648 | E14: 2.9686648 | F14: 3.0454534 | G14: 3.0454534 | H14: - | I14: 3.0454534
A15: (var. anual, % promedio)
A16: Tipo de cambio | B16: 895.05253 | C16: 890.7886 | D16: 895.05253 | E16: 890.71914 | F16: 895.05253 | G16: 890.76344 | H16: - | I16: 890.78542
A17: ($/US$, promedio, valor nominal)
A18: Precio del cobre | B18: 540.80846 | C18: 560.46786 | D18: 541.20703 | E18: 560.46786 | F18: 541.47601 | G18: 560.46786 | H18: - | I18: 560.46786
A19: (USc$/lb, promedio, BML)
A20: Precio petróleo WTI | B20: 71.207329 | C20: 71.04931 | D20: 70.838898 | E20: 71.04931 | F20: 71.012888 | G20: 71.04931 | H20: - | I20: 71.04931
A21: (US$/bbl)
A22: Precio del litio | B22: 15 | C22: 17.029429 | D22: 15 | E22: 16.003691 | F22: 15 | G22: 15.005892 | H22: - | I22: 15.005892
A23: (US$/kg)
A24: Nota: Actualización del IFP 3T26 con un nivel de PIB nominal 2028 estimado en $404.049 miles de millones, PIB nominal 2029 estimado en $425.715 miles de millones, PIB nominal 2030 estimado en $450.156 miles de millones y PIB nominal 2031 estimado en $476.489 miles de millones; y un tipo de cambio a diciembre 2028 de 891 $/US$, a diciembre 2029 de 891 $/US$, a diciembre 2030 de 891 $/US$, a diciembre 2031 de 891 $/US$. Cierre estadístico de proyecciones macroeconómicas: 18 de agosto de 2026.
A28: (p) Proyección.
A29: Fuente: Ministerio de Hacienda.

Sheet C III.4.2
A1: Cuadro III.4.2
A2: Detalle supuestos de crecimiento económico y cuenta corriente 2028-2031 (p)
B4: 2028 | D4: 2029 | F4: 2030 | H4: 2031
B5: IFP 2T26 | C5: IFP 3T26 | D5: IFP 2T26 | E5: IFP 3T26 | F5: IFP 2T26 | G5: IFP 3T26 | H5: IFP 2T26 | I5: IFP 3T26
A6: Demanda interna | B6: 2.1203699 | C6: 3.8454956 | D6: 2.2657224 | E6: 4.2943057 | F6: 2.008406 | G6: 4.4380685 | H6: - | I6: 4.4817854
A7: (var. real anual, %)
A8: Consumo total | B8: 2.1938309 | C8: 2.3839457 | D8: 2.3426919 | E8: 2.464001 | F8: 2.3209725 | G8: 2.5544954 | H8: - | I8: 2.6179351
A9: (var. real anual, %)
A10: Formación bruta de capital fijo | B10: 2.4964664 | C10: 6.9300391 | D10: 2.5450721 | E10: 7.5773585 | F10: 3.0404774 | G10: 7.8118984 | H10: - | I10: 7.5448751
A11: (var. real anual, %)
A12: Exportación de bienes y servicios | B12: 3.2166885 | C12: 2.7180113 | D12: 2.7661882 | E12: 2.9359358 | F12: 2.9610978 | G12: 3.2793001 | H12: - | I12: 3.6169407
A13: (var. real anual, %)
A14: Importación de bienes y servicios | B14: 3.2779638 | C14: 6.0339024 | D14: 2.9841157 | E14: 6.3617125 | F14: 2.6745402 | G14: 6.0846582 | H14: - | I14: 6.8285569
A15: (var. real anual, %)
A16: Cuenta corriente | B16: -1.2284929 | C16: -2.4099749 | D16: -1.4707584 | E16: -2.8029041 | F16: -1.5616249 | G16: -2.9885126 | H16: - | I16: -3.0205775
A17: (% del PIB)
A18: (p) Proyección.
A19: Fuente: Ministerio de Hacienda.

Sheet C III.5.1
A1: Cuadro III.5.1
A2: Ingresos del Gobierno Central total 2028-2031 (p)
A3: (millones de pesos 2027)
B5: 2028 | C5: 2029 | D5: 2030 | E5: 2031
A6: TRANSACCIONES QUE AFECTAN EL PATRIMONIO NETO | B6: 84988773 | C6: 86674820 | D6: 88430370 | E6: 90929015
A7: Ingresos tributarios netos | B7: 69725476 | C7: 71966474 | D7: 74235042 | E7: 76672047
A8: Tributación minería privada (GMP10) | B8: 7103794.1 | C8: 6936154.2 | D8: 6734775.3 | E8: 6634057.6
A9: Tributación resto contribuyentes | B9: 62621682 | C9: 65030320 | D9: 67500266 | E9: 70037989
A10: Traspasos Codelco | B10: 2919411.9 | C10: 2164776.1 | D10: 1519124.1 | E10: 1406000
A11: Cobre bruto | B11: 2841766.2 | C11: 2101126.2 | D11: 1318694.8 | E11: 1210719.4
A12: Ingresos litio | B12: 77645.795 | C12: 63649.9 | D12: 200429.3 | E12: 195280.58
A13: Imposiciones previsionales | B13: 5499129.7 | C13: 5624180.4 | D13: 5746922.7 | E13: 5872384.6
A14: Donaciones | B14: 102425.54 | C14: 103295.39 | D14: 104705.15 | E14: 105817.56
A15: Rentas de la propiedad | B15: 2127245.8 | C15: 2121884.1 | D15: 2044073.2 | E15: 2009188.2
A16: Ingresos por litio de Corfo | B16: 795745.44 | C16: 773292 | D16: 736294.39 | E16: 701986.26
A17: Resto de rentas de la propiedad | B17: 1331500.3 | C17: 1348592.1 | D17: 1307778.8 | E17: 1307202
... A22: TOTAL | B22: 85014000 | C22: 86690367 | D22: 88440863 | E22: 90939502
A23: (p) Proyección.
A24: Fuente: Dipres.

Sheet C III.6.1
A1: Cuadro III.6.1
A2: Parámetros de referencia del balance cíclicamente ajustado 2028-2031 (p)
B4: 2028 | D4: 2029 | F4: 2030 | H4: 2031
B5: IFP 2T26 | C5: IFP 3T26 | D5: IFP 2T26 | E5: IFP 3T26 | F5: IFP 2T26 | G5: IFP 3T26 | H5: IFP 2T26 | I5: IFP 3T26
A6: PIB no minero
A7: PIB tendencial no minero (% de variación real) | B7: 1.9171387 | C7: 2.1591458 | D7: 2.0411089 | E7: 2.302676 | F7: 2.0486862 | G7: 2.2608894 | H7: - | I7: 2.2274941
A8: Brecha PIB no minero (%) | B8: -0.13 | C8: -0.25 | D8: -0.3 | E8: -1.43 | F8: -0.41 | G8: -2.94 | H8: - | I8: -4.27
A9: Cobre
A10: Precio de referencia (USc$2027/lb) | B10: 447.37848 | C10: 537 | D10: 447.37848 | E10: 537 | F10: 447.37848 | G10: 537 | H10: - | I10: 537
A11: Precio de cobre BML (USc$2027/lb) | B11: 529.25106 | C11: 548.49032 | D11: 518.3005 | E11: 536.74611 | F11: 507.44671 | G11: 525.245 | H11: - | I11: 514.01685
A12: Brecha: precio de referencia/precio BML (%) | B12: -15.469516 | C12: -2.0949001 | D12: -13.683571 | E12: 0.047300899 | F12: -11.837347 | G12: 2.2380024 | H12: - | I12: 4.471283
A13: Litio
A14: Umbral del litio (% del PIB) | B14: 0.3523318 | C14: 0.37689275 | D14: 0.3523318 | E14: 0.37689275 | F14: 0.3523318 | G14: 0.37689275 | H14: - | I14: 0.37689275
A15: Ajuste (% del PIB) | B15: N/A | C15: N/A | D15: N/A | E15: N/A | F15: N/A | G15: N/A | H15: - | I15: N/A
A16: Nota: El PIB no minero tendencial y el precio de referencia del cobre del IFP 2T26 corresponden a los estimados por los Comités reunidos en julio de 2025, mientras que los del IFP 3T26 corresponden a los reunidos con ocasión de la elaboración del Presupuesto del año 2027, en julio de este año. El umbral del litio del IFP 3T26 corresponde al promedio de los ingresos provenientes de la explotación del litio de Corfo y Codelco entre agosto de 2019 y julio de 2026, como porcentaje del PIB del período entre julio de 2019 y junio de 2026. Para reflejar la nueva metodología, a partir de este IFP, la brecha del precio del cobre se presenta como porcentaje. Por su parte, el IFP 2T26 se presenta en USc$2027 para mejor comparabilidad, deflactado con el IPC de EEUU estimado por el FMI en el World Economic Outlook de abril de 2026, correspondiente al utilizado por el comité del precio de referencia del cobre (variación promedio 2027: 2,14%).
A22: N/A: No aplica. La diferencia entre los ingresos provenientes de la explotación del litio y el umbral del litio es negativa.
A23: (p) Proyección.
A24: Fuente: Dipres.

Sheet C III.6.2
A1: Cuadro III.6.2
A2: Ingresos cíclicamente ajustados del Gobierno Central total 2028-2031 (p)
A3: (millones de pesos 2027)
B5: 2028 | C5: 2029 | D5: 2030 | E5: 2031
A6: TOTAL INGRESOS | B6: 84409275 | C6: 85273643 | D6: 85779766 | E6: 87157184
A7: Ingresos tributarios netos | B7: 69220931 | C7: 70629285 | D7: 71702908 | E7: 73068877
A8: Tributación minería privada | B8: 6929989.7 | C8: 6939993 | D8: 6911456.3 | E8: 6982414.8
A9: Tributación resto contribuyentes | B9: 62290941 | C9: 63689292 | D9: 64791452 | E9: 66086462
A10: Traspasos Codelco al Fisco por cobre | B10: 2755269.6 | C10: 2102577.4 | D10: 1362003.8 | E10: 1290562.5
A11: Imposiciones previsionales de salud | B11: 4665001.6 | C11: 4765400.3 | D11: 4848592.8 | E11: 4944190.3
A12: Ingresos por litio (Codelco y Corfo) | B12: 873391.24 | C12: 836941.9 | D12: 936723.69 | E12: 897266.84
A13: Otros Ingresos(1) | B13: 6894682.1 | C13: 6939438.9 | D13: 6929537.2 | E13: 6956288.1
A14: (1) Las cifras correspondientes a otros ingresos no tienen ajuste cíclico por lo que los ingresos efectivos son iguales a los cíclicamente ajustados. Estas contemplan los ingresos por donaciones, rentas de la propiedad (sin los ingresos por litio de Corfo), ingresos de operación, otros ingresos, ventas de activos físicos e imposiciones previsionales del Ministerio del Trabajo.
A18: (p) Proyección.
A19: Fuente: Dipres.

Sheet C III.7.1
A1: Cuadro III.7.1
A2: Gastos de mediano plazo del Gobierno Central total 2028-2031 (p)
A3: (millones de pesos 2027)
C5: 2028 | D5: 2029 | E5: 2030 | F5: 2031
A6: TOTAL DE GASTOS MEDIANO PLAZO | C6: 92922047 | D6: 95361358 | E6: 97161665 | F6: 95734968
A7: DE TRANSACCIONES QUE AFECTAN EL PATRIMONIO NETO | C7: 80320810 | D7: 81923897 | E7: 83324039 | F7: 83738907
A8: Personal | C8: 20566183 | D8: 21466883 | E8: 21667980 | F8: 21916270
A9: Bienes y servicios de consumo y producción | C9: 7600861.5 | D9: 7883612.6 | E9: 7863871.8 | F9: 7956434.9
A10: Intereses | C10: 5823371.9 | D10: 6415483.5 | E10: 6859324.5 | F10: 7056478.1
A11: Subsidios y donaciones | C11: 29186510 | D11: 28681655 | E11: 29120701 | F11: 28650947
A12: Prestaciones previsionales | C12: 17110595 | D12: 17442975 | E12: 17778873 | F12: 18125488
A13: Otros | C13: 33288.268 | D13: 33288.268 | E13: 33288.268 | F13: 33288.268
A14: GASTOS EN ACTIVOS NO FINANCIEROS | C14: 12601238 | D14: 13437461 | E14: 13837627 | F14: 11996062
A15: Inversión | C15: 5024788 | D15: 5141399.2 | E15: 4977885.3 | F15: 4611584.1
A16: Transferencias de capital | C16: 7576449.7 | D16: 8296061.6 | E16: 8859741.4 | F16: 7384477.8
A17: (p) Proyección.
A18: Fuente: Dipres.

Sheet C III.7.2
A1: Cuadro III.7.2
A2: Consolidado Sector Público: Programa financiero por concepto de gastos 2028-2031 (p)
A3: (millones de pesos 2027)
A5: Conceptos de gastos | C5: 2028 | D5: 2029 | E5: 2030 | F5: 2031
A8: 1. | B8: Gasto operacionales | C8: 28167045 | D8: 29350495 | E8: 29531852 | F8: 29872705
A9: 1.1 | B9: Gastos en personal | C9: 20566183 | D9: 21466883 | E9: 21667980 | F9: 21916270
A10: 1.2 | B10: Bienes y servicios de consumo | C10: 7600861.5 | D10: 7883612.6 | E10: 7863871.8 | F10: 7956434.9
A11: 2. | B11: Transferencias corrientes | C11: 29153734 | D11: 28648860 | E11: 29087895 | F11: 28618135
A12: 2.1 | B12: Al sector privado | C12: 12133234 | D12: 11612351 | E12: 11371710 | F12: 11116351
A13: 2.2 | B13: Otras entidades públicas | C13: 13093856 | D13: 13118735 | E13: 13752082 | F13: 13491801
A14: 2.3 | B14: Otras | C14: 3926644.4 | D14: 3917773 | E14: 3964102.1 | F14: 4009982.7
A15: 3. | B15: Inversiones | C15: 12601238 | D15: 13437461 | E15: 13837627 | F15: 11996062
A16: 3.1 | B16: Adquisición de activos no financieros | C16: 460803.66 | D16: 445985.98 | E16: 389555.52 | F16: 365101.03
A17: 3.2 | B17: Iniciativas de inversión | C17: 4563984.3 | D17: 4695413.2 | E17: 4588329.8 | F17: 4246483.1
A18: 3.3 | B18: Transferencias de capital | C18: 7576449.7 | D18: 8296061.6 | E18: 8859741.4 | F18: 7384477.8
A19: 3.3.1 | B19: Al sector privado | C19: 5158156.5 | D19: 6003670.5 | E19: 6765639.7 | F19: 5239174.8
... A29: 7. | B29: Gasto del Gobierno Central extrapresupuestario | C29: 288.33766 | D29: 99.14134 | E29: 30.423673 | F29: 8.285955
A30: (p) Proyección.
A31: Fuente: Dipres.

Sheet C III.7.3
A1: Cuadro III.7.3
A2: Proyectos de ley en trámite considerados en la programación financiera 2028-2031
A4: Proyectos de Ley en trámite
A5: Autoriza erigir un monumento, en la comuna de Lota, en memoria del escritor chileno Baldomero Lillo Figueroa
A6: Ley de Patrimonio Cultural
A7: Modifica la ley N°17.336, sobre Propiedad Intelectual, con el objeto de regular las medidas tecnológicas de protección
A8: Crea la Comisión de Comercio Estratégico y regula la exportación de material de uso dual y de defensa y otras materias que indica.
A9: Equipara el derecho de sala cuna para las trabajadoras, los trabajadores y los independientes que indica, en las condiciones que establece, modifica el Código del Trabajo para tales efectos y crea un fondo solidario de sala cuna.
A10: Modifica la ley N°21.325, de migración y extranjería, para tipificar el delito de ingreso clandestino al territorio nacional
A11: Modifica el Código Penal en materia de quebrantamiento de condena y forma de computar el plazo de prescripción de la pena
A12: Modifica el Decreto Ley N° 1939, de 1977, sobre normas de adquisición, administración y disposición de bienes del Estado, con el objeto de que se informe sobre la situación de los bienes destinados que se indican.
A13: Modifica la ley N°20.084, que establece un sistema de responsabilidad de los adolescentes por infracciones a la ley penal, para fortalecer la respuesta sancionatoria frente a conductas consideradas de especial gravedad
... A83: Fuente: Dipres.

Sheet C III.8.1
A1: Cuadro III.8.1
A2: Balances del Gobierno Central total 2028-2031 (p)
A3: (millones de pesos 2027 y % del PIB)
C5: 2028 | D5: 2029 | E5: 2030 | F5: 2031
A6: (1) | B6: Ingresos efectivos | C6: 85014000 | D6: 86690367 | E6: 88440863 | F6: 90939502
A7: (2) | B7: Gastos de mediano plazo | C7: 92922047 | D7: 95361358 | E7: 97161665 | F7: 95734968
A8: (3) | B8: Ingresos cíclicamente ajustados | C8: 84409275 | D8: 85273643 | E8: 85779766 | F8: 87157184
A9: (4) | B9: Meta BCA (% del PIB) | C9: -1.7 | D9: -1.6 | E9: -1.5 | F9: -1.4
A10: (5) | B10: Nivel de gasto compatible con meta | C10: 91075197 | D10: 91693281 | E10: 91955623 | F10: 93078183
A11: (6) | B11: Diferencia gasto / Holgura (5)-(2) | C11: -1846850.7 | D11: -3668076.4 | E11: -5206042.6 | F11: -2656785.5
A12: (7) | B12: Diferencia gasto (MMUS$) | C12: -2136.3878 | D12: -4369.4387 | E12: -6390.0201 | F12: -3360.2308
A13: (8) | B13: Diferencia gasto (% del PIB) | C13: -0.47099959 | D13: -0.91421396 | E13: -1.2644502 | F13: -0.6281879
A14: (9) | B14: Balance efectivo compatible con meta (1)-(5) (% del PIB) | C14: -1.5457781 | D14: -1.2469025 | E14: -0.85366939 | F14: -0.50568378
A15: (p) Proyección.
A16: Fuente: Dipres

Sheet C III.9.1
A1: Cuadro III.9.1
A2: Stock de deuda bruta 2026-2030 (p)
A3: Descomposición diferencias IFP 3T26 – 2T26
A4: (% del PIB)
B6: 2026 | C6: 2027 | D6: 2028 | E6: 2029 | F6: 2030
A7: IFP 2T26 | B7: 42.660731 | C7: 43.530959 | D7: 44.542831 | E7: 45.263883 | F7: 45.476659
A8: Valorización(1) | B8: 0.15883189 | C8: -0.16606577 | D8: -0.018601283 | E8: -0.059853693 | F8: -0.073796462
A9: PIB nominal(2) | B9: -0.52863205 | C9: -0.60268978 | D9: -0.77993719 | E9: -1.0360364 | F9: -1.3834654
A10: Requerimientos bajo la línea(3) | B10: 0.57450428 | C10: -0.35739506 | D10: -0.62094421 | E10: -1.0975423 | F10: -1.8015778
A11: Balance(4) | B11: -0.17036753 | C11: 0.096915756 | D11: 0.37301025 | E11: 0.93288294 | F11: 1.7435981
A12: IFP 3T26 | B12: 42.695068 | C12: 42.501724 | D12: 43.496358 | E12: 44.003334 | F12: 43.961417
A13: (1) Cambios en el valor del stock de deuda por variaciones del tipo de cambio (dólar y euro) y de la inflación (UF). Se calcula como residuo.
A15: (2) Efecto del cambio en el PIB nominal sobre la razón deuda/PIB, manteniendo constante el stock de deuda.
A16: (3) Requerimientos de financiamiento distintos del déficit, netos de amortizaciones y del uso de activos financieros.
A18: (4) Efecto del cambio en el déficit efectivo proyectado.
A19: (p) Proyección.
A20: Fuente: Dipres.

Sheet C III.9.2
A1: Cuadro III.9.2
A2: Necesidades de financiamiento del Gobierno Central, cierre 2028-2031 (p)
A3: (millones de pesos 2027)
C5: 2028 | D5: 2029 | E5: 2030 | F5: 2031
A6: Usos | B6: Necesidades de financiamiento | C6: 24175971 | D6: 20785194 | E6: 22176859 | F6: 13877208
B7: Déficit efectivo | C7: 7908047.6 | D7: 8670990.5 | E7: 8720802.8 | F7: 4795466.1
B8: Amortizaciones de deuda | C8: 13566272 | D8: 10571391 | E8: 13237414 | F8: 7459787.2
B9: Ejecución garantía CAE | C9: 289040.7 | D9: 295395.38 | E9: 281589.2 | F9: 274911.43
B10: Compra cartera CAE | C10: 528685.66 | D10: 557731.26 | E10: 577843.61 | F10: 591495.21
B11: Bonos de reconocimiento | C11: 46076.611 | D11: 38177.807 | E11: 34192.991 | F11: 31149.146
B12: Acciones multilaterales | C12: 102219.67 | D12: 99264.856 | E12: 96335.927 | F12: 93491.078
B13: Aportes empresas públicas | C13: 468262.52 | D13: 490882.3 | E13: 520959.85 | F13: 543153.64
B14: Compra de títulos y valores de los servicios | C14: 379857.08 | D14: 688942.78 | E14: 699065.39 | F14: 706719.08
B15: Operación fondos del Tesoro Público¹ | C15: 673315.41 | D15: 661315.48 | E15: 648962.35 | F15: 451114.92
B16: Préstamos netos (otorgamiento − recuperación) | C16: 214193.17 | D16: -1288897.2 | E16: -2640307.5 | F16: -1070079.9
A17: Fuentes | B17: Fuentes de financiamiento | C17: 24175971 | D17: 20785194 | E17: 22176859 | F17: 13877208
B18: Superávit efectivo | C18: 0 | D18: 0 | E18: 0 | F18: 0
B19: Emisión de deuda | C19: 23229661 | D19: 19730414 | E19: 21151330 | F19: 12746593
B20: Uso de activos financieros | C20: 308721.09 | D20: 431703.17 | E20: 346946.87 | F20: 364343.95
B21: Venta de activos financieros de los servicios | C21: 637588.85 | D21: 623077.11 | E21: 678582.33 | F21: 766271.1
A22: (1): Incluye la cuota del Banco Central de Chile (Decreto N°1.526 de 2010 del Ministerio de Hacienda).
A23: (p) Proyección.
A24: Fuente: Dipres.

Sheet C III.10.1
A1: Cuadro III.10.1
A2: Posición financiera neta del Gobierno Central total, cierre 2028-2031 (p)
A3: (millones US$ al 31 de diciembre de cada año y % del PIB)
B5: 2028 | D5: 2029 | F5: 2030 | H5: 2031
B6: MMUS$ | C6: % del PIB | D6: MMUS$ | E6: % del PIB | F6: MMUS$ | G6: % del PIB | H6: MMUS$ | I6: % del PIB
A7: Activos del tesoro público | B7: 17163.718 | C7: 3.7944093 | D7: 17325.591 | E7: 3.6296262 | F7: 17608.045 | G7: 3.4894511 | H7: 17716.717 | I7: 3.3196536
A8: Deuda bruta | B8: 197145.75 | C8: 43.496358 | D8: 210293.48 | E8: 44.003334 | F8: 222096.1 | G8: 43.961417 | H8: 230982.51 | I8: 43.179446
A9: Posición financiera neta | B9: -179982.03 | C9: -39.701949 | D9: -192967.89 | E9: -40.373707 | F9: -204488.05 | G9: -40.471966 | H9: -213265.79 | I9: -39.859792
A10: (p) Proyección.
A11: Fuente: Dipres.

Sheet C III.11.1
A1: Cuadro III.11.1
A2: Escenarios macroeconómicos alternativos 2027-2031 (p)
A4: Escenario | C4: 2027 | D4: 2028 | E4: 2029 | F4: 2030 | G4: 2031
A5: Escenario base | B5: PIB (var. real anual, %) | C5: 3.2688122 | D5: 2.8256122 | E5: 3.2186996 | F5: 3.5487003 | G5: 3.4680347
B6: PIB minero (var. real anual, %) | C6: 2.941504 | D6: 1.102876 | E6: 1.2957476 | F6: 1.5057776 | G6: 2.2299464
B7: PIB no minero (var. real anual, %) | C7: 3.3317049 | D7: 3.1228761 | E7: 3.526447 | F7: 3.8577425 | G7: 3.6447048
B8: Demanda interna (var. real anual, %) | C8: 4.163862 | D8: 3.8454956 | E8: 4.2943057 | F8: 4.4380685 | G8: 4.4817854
B9: IPC (var. anual, % promedio) | C9: 2.8751508 | D9: 3.0440623 | E9: 2.9686648 | F9: 3.0454534 | G9: 3.0454534
B10: Precio del cobre (USc$/lb, promedio, BML) | C10: 564.84057 | D10: 560.46786 | E10: 560.46786 | F10: 560.46786 | G10: 560.46786
B11: Precio del WTI (US$/bbl, promedio) | C11: 75.108677 | D11: 71.04931 | E11: 71.04931 | F11: 71.04931 | G11: 71.04931
B12: Precio del litio (US$/kg) | C12: 18 | D12: 17 | E12: 16 | F12: 15 | G12: 15
B13: TCN ($/US$, promedio, valor nominal) | C13: 885.90525 | D13: 890.7886 | E13: 890.71914 | F13: 890.76344 | G13: 890.78542
A14: Escenario menor crecimiento | B14: PIB (var. real anual, %) | C14: 3.0427778 | D14: 2.4196796 | E14: 2.4341609 | F14: 2.554668 | G14: 2.843263
B15: PIB minero (var. real anual, %) | C15: 3.505475 | D15: 0.76479458 | E15: 0.79875953 | F15: 0.84860683 | G15: 1.9660455
B16: PIB no minero (var. real anual, %) | C16: 2.9533704 | D16: 2.7079299 | E16: 2.6998883 | F16: 2.8175917 | G16: 2.9713163
B17: Demanda interna (var. real anual, %) | C17: 4.3239786 | D17: 3.5517979 | E17: 3.3982334 | F17: 3.4339993 | G17: 3.4701309
B18: IPC (var. anual, % promedio) | C18: 3.0707994 | D18: 3.0440623 | E18: 2.9686648 | F18: 3.0454534 | G18: 3.0454534
B19: Precio del cobre (USc$/lb, promedio, BML) | C19: 560 | D19: 550 | E19: 550 | F19: 550 | G19: 550
B20: Precio del WTI (US$/bbl, promedio) | C20: 77.039121 | D20: 74.022873 | E20: 74.022873 | F20: 74.022873 | G20: 74.022873
B21: Precio del litio (US$/kg) | C21: 18 | D21: 17 | E21: 16 | F21: 15 | G21: 15
B22: TCN ($/US$, promedio, valor nominal) | C22: 899.80145 | D22: 895.04208 | E22: 894.59327 | F22: 894.63777 | G22: 894.65985
A23: Escenario mayor crecimiento | B23: PIB (var. real anual, %) | C23: 3.549255 | D23: 3.0595212 | E23: 3.3240504 | F23: 3.7364463 | G23: 4.0496133
B24: PIB minero (var. real anual, %) | C24: 3.8817532 | D24: 1.3521215 | E24: 1.7750096 | F24: 2.2062326 | G24: 3.3528547
B25: PIB no minero (var. real anual, %) | C25: 3.4854694 | D25: 3.355875 | E25: 3.5736822 | F25: 3.9705307 | G25: 4.1507429
B26: Demanda interna (var. real anual, %) | C26: 4.2855501 | D26: 4.1071273 | E26: 4.4361187 | F26: 4.669218 | G26: 5.0639161
B27: IPC (var. anual, % promedio) | C27: 2.8751508 | D27: 3.0440623 | E27: 2.9686648 | F27: 3.0454534 | G27: 3.0454534
B28: Precio del cobre (USc$/lb, promedio, BML) | C28: 569.68769 | D28: 565.45819 | E28: 565.45819 | F28: 565.45819 | G28: 565.45819
B29: Precio del WTI (US$/bbl, promedio) | C29: 73.451872 | D29: 68.058943 | E29: 68.058943 | F29: 68.058943 | G29: 68.058943
B30: Precio del litio (US$/kg) | C30: 18 | D30: 17 | E30: 16 | F30: 15 | G30: 15
B31: TCN ($/US$, promedio, valor nominal) | C31: 879.56712 | D31: 874.52469 | E31: 874.52469 | F31: 874.52469 | G31: 874.52469
A32: (p) Proyección.
A33: Fuente: Ministerio de Hacienda.

Sheet C III.11.2
A1: Cuadro III.11.2
A2: Balances del Gobierno Central total 2028-2031, escenario de menor crecimiento (p)
A3: (millones de pesos 2027 y % del PIB)
C5: 2028 | D5: 2029 | E5: 2030 | F5: 2031
A6: (1) | B6: Ingresos efectivos | C6: 84413584 | D6: 85553028 | E6: 86620458 | F6: 88452444
A7: (2) | B7: Gastos de mediano plazo | C7: 92922047 | D7: 95361358 | E7: 97161665 | F7: 95734968
A8: (3) | B8: Ingresos cíclicamente ajustados | C8: 84748932 | D8: 85822469 | E8: 86583460 | F8: 87920748
A9: (4) | B9: Meta BCA (% del PIB) | C9: -1.7 | D9: -1.6 | E9: -1.5 | F9: -1.4
A10: (5) | B10: Nivel de gasto compatible con meta | C10: 91342354 | D10: 92121789 | E10: 92581871 | F10: 93635150
A11: (6) | B11: Diferencia gasto / Holgura (5)-(2) | C11: -1579693.5 | D11: -3239568.7 | E11: -4579794.1 | F11: -2099818.7
A12: (7) | B12: Diferencia gasto (MMUS$) | C12: -1818.6634 | D12: -3842.2854 | E12: -5597.0039 | F12: -2644.293
A13: (8) | B13: Diferencia gasto (% del PIB) | C13: -0.40729671 | D13: -0.82283649 | E13: -1.1452518 | F13: -0.51444513
A14: (9) | B14: Balance efectivo compatible con meta (1)-(5) (% del PIB) | C14: -1.7864637 | D14: -1.6684371 | E14: -1.4907481 | F14: -1.2697372
A15: (p) Proyección.
A16: Fuente: Dipres

Sheet C III.11.3
A1: Cuadro III.11.3
A2: Balances del Gobierno Central total 2028-2031, escenario de mayor crecimiento (p)
A3: (millones de pesos 2027 y % del PIB)
C5: 2028 | D5: 2029 | E5: 2030 | F5: 2031
A6: (1) | B6: Ingresos efectivos | C6: 85406676 | D6: 87189206 | E6: 89037042 | F6: 92077417
A7: (2) | B7: Gastos de mediano plazo | C7: 92922047 | D7: 95361358 | E7: 97161665 | F7: 95734968
A8: (3) | B8: Ingresos cíclicamente ajustados | C8: 84347079 | D8: 85298359 | E8: 85784945 | F8: 87167020
A9: (4) | B9: Meta BCA (% del PIB) | C9: -1.7 | D9: -1.6 | E9: -1.5 | F9: -1.4
A10: (5) | B10: Nivel de gasto compatible con meta | C10: 91050329 | D10: 91760265 | E10: 92012156 | F10: 93161789
A11: (6) | B11: Diferencia gasto / Holgura (5)-(2) | C11: -1871718.1 | D11: -3601092.8 | E11: -5149509.8 | F11: -2573179.7
A12: (7) | B12: Diferencia gasto (MMUS$) | C12: -2205.4202 | D12: -4369.0829 | E12: -6437.996 | F12: -3315.0018
A13: (8) | B13: Diferencia gasto (% del PIB) | C13: -0.4746833 | D13: -0.89164854 | E13: -1.2404052 | F13: -0.60093254
A14: (9) | B14: Balance efectivo compatible con meta (1)-(5) (% del PIB) | C14: -1.4312773 | D14: -1.131817 | E14: -0.71664042 | F14: -0.25324075
A15: (p) Proyección.
A16: Fuente: Dipres

Sheet C III.11.4
A1: Cuadro III.11.4
A2: Posición financiera neta del Gobierno Central total, cierre 2028-2031 (p)
A3: (millones US$ al 31 de diciembre de cada año y % del PIB)
B5: 2028 | D5: 2029 | F5: 2030 | H5: 2031
B6: MMUS$ | C6: % del PIB | D6: MMUS$ | E6: % del PIB | F6: MMUS$ | G6: % del PIB | H6: MMUS$ | I6: % del PIB
A7: Escenario base
A8: Activos del tesoro público | B8: 17163.718 | C8: 3.7944093 | D8: 17325.591 | E8: 3.6296262 | F8: 17608.045 | G8: 3.4894511 | H8: 17716.717 | I8: 3.3196536
A9: Deuda bruta | B9: 197145.75 | C9: 43.496358 | D9: 210293.48 | E9: 44.003334 | F9: 222096.1 | G9: 43.961417 | H9: 230982.51 | I9: 43.179446
A10: Posición financiera neta | B10: -179982.03 | C10: -39.701949 | D10: -192967.89 | E10: -40.373707 | F10: -204488.05 | G10: -40.471966 | H10: -213265.79 | I10: -39.859792
A11: Escenario menor crecimiento
A12: Activos del tesoro público | B12: 17155.155 | C12: 3.849631 | D12: 17317.336 | E12: 3.7129374 | F12: 17600.52 | G12: 3.6056588 | H12: 17708.016 | I12: 3.4531027
A13: Deuda bruta | B13: 197555.1 | C13: 44.243229 | D13: 211985.49 | E13: 45.397303 | F13: 226028.1 | G13: 46.249581 | H13: 238014.21 | I13: 46.305477
A14: Posición financiera neta | B14: -180399.95 | C14: -40.393598 | D14: -194668.15 | E14: -41.684365 | F14: -208427.58 | G14: -42.643922 | H14: -220306.19 | I14: -42.852374
A15: Escenario mayor crecimiento
A16: Activos del tesoro público | B16: 17227.747 | C16: 3.7154244 | D16: 17383.11 | E16: 3.5517712 | F16: 17664.595 | G16: 3.4074679 | H16: 17774.702 | I16: 3.2296527
A17: Deuda bruta | B17: 198900.18 | C17: 42.810253 | D17: 211570.06 | E17: 43.177513 | F17: 222859.07 | G17: 42.938137 | H17: 230364.73 | I17: 41.759754
A18: Posición financiera neta | B18: -181672.43 | C18: -39.094828 | D18: -194186.95 | E18: -39.625742 | F18: -205194.47 | G18: -39.530669 | H18: -212590.03 | I18: -38.530102
A19: Nota: Las cifras fueron convertidas a dólares utilizando el tipo de cambio estimado en cada escenario para cada período, publicado en el Anexo A.II.1.
A21: (p) Proyección.
A22: Fuente: Dipres.

Sheet C IV.1.1
A1: Cuadro IV.1.1
A2: Plan de evaluaciones ex post 2026, por línea y estado de avance
A4: Línea | B4: Programa / política | C4: Institución / ministerio | D4: Estado
A5: EPG | B5: 1. Bosque Nativo | C5: Conaf / Ministerio de Agricultura | D5: Finalizada
A6: EPG | B6: 2. Sistema Nacional de Competencias Deportivas | C6: IND / Ministerio del Deporte | D6: Finalizada
A7: EPG | B7: 3. Crédito Mipyme | C7: Corfo / Ministerio de Economía, Fomento y Turismo | D7: Finalizada
A8: EPG | B8: 4. Red de Asistencia Digital | C8: Corfo / Ministerio de Economía, Fomento y Turismo | D8: Finalizada
A9: EPG | B9: 5. Escuelas Saludables para el Aprendizaje | C9: Junaeb / Ministerio de Educación | D9: Finalizada
A10: EPG | B10: 6. Programa Educativo para la Familia | C10: Junji / Ministerio de Educación | D10: Finalizada
A11: EPG | B11: 7. Eficiencia Energética para la Vivienda DS 27, Cap. IV | C11: Subsecretaría de Vivienda y Urbanismo / MINVU | D11: Finalizada
A12: EFA | B12: 1. Aporte Familiar Permanente | C12: Instituto de Previsión Social / Ministerio del Trabajo y Previsión Social | D12: En desarrollo
A13: EFA | B13: 2. Subsidio Familiar | C13: Instituto de Previsión Social / Ministerio del Trabajo y Previsión Social | D13: En desarrollo
A14: EFA | B14: 3. Transporte público regional (regiones V, VI y VII) | C14: Secretaría y Administración General de Transportes / Ministerio de Transportes y Telecomunicaciones | D14: En desarrollo
A15: ES | B15: 1. Evaluación Sectorial Programas de Becas de Arancel y Manutención en la Educación Superior | C15: Ministerio de Educación | D15: En desarrollo
A16: Fuente: Dipres.

Sheet C IV.1.2
A1: Cuadro IV.1.2
A2: Programas evaluados en línea EPG, cohorte 2026, con ámbitos analizados y clasificación de desempeño
A4: Programa | B4: Servicio / Ministerio | C4: Diseño | D4: Implementación | E4: Eficiencia | F4: Resultados | G4: Clasificación
A5: Bosque Nativo | B5: Conaf / Ministerio de Agricultura | C5: I | D5: I | E5: I | F5: I | G5: Mal desempeño
A6: Sistema Nacional de Competencias Deportivas | B6: IND / Ministerio del Deporte | C6: I | D6: I | E6: S | F6: I | G6: Desempeño bajo
A7: Crédito Mipyme | B7: Corfo / Ministerio de Economía, Fomento y Turismo | C7: S | D7: I | E7: I | F7: I | G7: Desempeño bajo
A8: Red de Asistencia Digital | B8: Corfo / Ministerio de Economía, Fomento y Turismo | C8: S | D8: I | E8: I | F8: I | G8: Desempeño bajo
A9: Escuelas Saludables para el Aprendizaje | B9: Junaeb / Ministerio de Educación | C9: I | D9: I | E9: I | F9: I | G9: Mal desempeño
A10: Programa Educativo para la Familia | B10: Junji / Ministerio de Educación | C10: S | D10: I | E10: I | F10: I | G10: Desempeño bajo
A11: Eficiencia Energética para la Vivienda DS 27, Cap. IV | B11: Subsecretaría de Vivienda y Urbanismo / MINVU | C11: I | D11: I | E11: I | F11: I | G11: Mal desempeño
A12: Nota: S: Suficiente; I: Insuficiente.
A13: Fuente: Dipres.

Sheet C IV.1.3
A1: Cuadro IV.1.3
A2: Número de programas por ministerio según categoría global de cumplimiento de compromisos a junio de 2026
A4: Ministerio | B4: Egresado | C4: Cumplido | D4: Parcialmente cumplido | E4: No cumplido | F4: N° de programas*
A6: Ministerio de Agricultura | B6: - | C6: 2 | D6: - | E6: - | F6: 2
A7: Ministerio de Ciencia, Tecnología, Conocimiento e Innovación | B7: - | C7: 1 | D7: 1 | E7: - | F7: 2
A8: Ministerio de Desarrollo Social y Familia | B8: 1 | C8: 2 | D8: 2 | E8: 3 | F8: 8
A9: Ministerio de Economía, Fomento y Turismo | B9: 1 | C9: - | D9: 1 | E9: - | F9: 2
A10: Ministerio de Educación | B10: - | C10: 1 | D10: 6 | E10: - | F10: 7
A11: Ministerio de la Mujer y la Equidad de Género | B11: - | C11: - | D11: - | E11: 1 | F11: 1
A12: Ministerio de las Culturas, las Artes y el Patrimonio | B12: - | C12: 1 | D12: - | E12: - | F12: 1
A13: Ministerio de Salud | B13: 1 | C13: 1 | D13: 4 | E13: - | F13: 6
A14: Ministerio de Seguridad Pública | B14: - | C14: 2 | D14: - | E14: - | F14: 2
A15: Ministerio de Transporte y Telecomunicaciones | B15: 1 | C15: - | D15: 1 | E15: - | F15: 2
A16: Ministerio de Vivienda y Urbanismo | B16: - | C16: - | D16: - | E16: 1 | F16: 1
A17: Ministerio del Deporte | B17: - | C17: 1 | D17: 1 | E17: - | F17: 2
A18: Ministerio del Interior | B18: - | C18: 1 | D18: - | E18: - | F18: 1
A19: Ministerio del Trabajo y Previsión Social | B19: - | C19: 1 | D19: - | E19: - | F19: 1
A20: Ministerio Secretaría General de Gobierno | B20: - | C20: 1 | D20: - | E20: - | F20: 1
A21: Total | B21: 4 | C21: 14 | D21: 16 | E21: 5 | F21: 39
A22: Nota: Considera las evaluaciones con compromisos vigentes al 30 de junio de 2026.
A23: Fuente: Dipres.

Sheet C IV.1.4
A1: Cuadro IV.1.4
A2: Programas egresados del seguimiento de compromisos en junio de 2026
A4: N | B4: Ministerio | C4: Servicio | D4: Programa
A5: 1 | B5: Ministerio de Desarrollo Social y Familia | C5: Servicio Nacional de Protección Especializada a la Niñez y Adolescencia | D5: Programas de Protección: Diagnóstico Ambulatorio (DAM), Programa de Prevención Focalizada (PPF) y Programa de Intervención Integral Especializada (PIE)
A6: 2 | B6: Ministerio de Economía, Fomento y Turismo | C6: Corporación de Fomento de la Producción | D6: Semilla Inicia
A7: 3 | B7: Ministerio de Salud | C7: Subsecretaría de Redes Asistenciales | D7: Atención Integral Personas con Dependencia Severa
A8: 4 | B8: Ministerio de Transporte y Telecomunicaciones | C8: Subsecretaría de Telecomunicaciones | D8: Fondo de Desarrollo de las Telecomunicaciones
A9: Fuente: Dipres.

Sheet C IV.1.5
A1: Cuadro IV.1.5
A2: Programas/evaluaciones en categoría global "no cumplido" en el seguimiento de compromisos a junio 2026
A4: N | B4: Programa/Servicio/Ministerio | C4: Cumplido | D4: No cumplido | E4: Vencimiento a futuro | F4: Total compromisos
A6: 1 | B6: Apoyo a personas en situación de calle | C6: 8 | D6: 1 | E6: 2 | F6: 11
B7: Subsecretaría de Servicios Sociales
B8: Ministerio de Desarrollo Social y Familia
A9: 2 | B9: Apresto Laboral Femenino | C9: 9 | D9: 3 | E9: 1 | F9: 13
B10: Servicio Nacional de la Mujer
B11: Ministerio de la Mujer y la Equidad de Género
A12: 3 | B12: Ayudas Técnicas | C12: 14 | D12: 7 | E12: - | F12: 21
B13: Servicio Nacional de Discapacidad
B14: Ministerio de Desarrollo Social y Familia
A15: 4 | B15: Fondo Solidario de Elección de Vivienda (DS 49) | C15: 11 | D15: 1 | E15: - | F15: 12
B16: Subsecretaría de Vivienda y Urbanismo
B17: Ministerio de Vivienda y Urbanismo
A18: 5 | B18: Protege Calle | C18: 8 | D18: 1 | E18: 2 | F18: 11
B19: Subsecretaría de Servicios Sociales
B20: Ministerio de Desarrollo Social y Familia
A21: Total | C21: 50 | D21: 13 | E21: 5 | F21: 68
A22: Fuente: Dipres.

Sheet C IV.1.6
A1: Cuadro IV.1.6
A2: Programas con observaciones o desviación
A4: Ministerio | B4: Servicio | C4: Programa | D4: Variable con inconsistencia | E4: Desviación/observación
A5: Ministerio de Vivienda y Urbanismo | B5: Subsecretaría de Vivienda y Urbanismo | C5: Fondo Solidario de Elección de Vivienda DS49 | D5: Gasto total ejecutado | E5: 0.065
D6: Indicador de propósito | E6: No se pudo reconstruir
A7: Ministerio de Educación | B7: Junta Nacional de Auxilio Escolar y Becas | C7: Programa de Alimentación Escolar | D7: Nivel de producción de componentes | E7: No se pudo reconstruir
A8: Ministerio de Justicia y Derechos Humanos | B8: Servicio Nacional de Reinserción Social Juvenil | C8: Internación en Régimen Cerrado con Programa de Reinserción Social Juvenil | D8: Indicador de propósito | E8: No se midió en 2025
A9: Ministerio de las Culturas, las Artes y el Patrimonio | B9: Servicio Nacional del Patrimonio Cultural | C9: Museo Histórico Nacional | D9: Gasto total ejecutado | E9: -0.099
A10: Ministerio de Agricultura | B10: Comisión Nacional de Riego | C10: Programa de Fomento a la Inversión Privada en Obras de Riego y Drenaje | D10: Indicador de propósito | E10: 0.064
A11: Ministerio de Agricultura | B11: Servicio Agrícola y Ganadero | C11: Certificación de origen de vinos y pisco | D11: Población beneficiada | E11: -0.215
A12: Ministerio de Educación | B12: Subsecretaría de Educación | C12: Retención Escolar | D12: Producción | E12: Se informa datos año 2024 en vez de 2025
D13: Propósito
A14: Fuente: Dipres.

Sheet C IV.1.7
A1: Cuadro IV.1.7
A2: Listado de programas fusionados en el proceso de evaluación ex ante 2027
A4: Programas de la oferta vigente fusionados | B4: Programa evaluado | C4: Ministerio | D4: Servicio | E4: Oferta
A5: Beca Aysén; Beca Patagonia Aysén; Beca Magallanes | B5: Becas Patagonia | C5: Ministerio de Educación | D5: Junta Nacional de Auxilio Escolar y Becas | E5: Social
A6: Simulacro Borde Costero; Simulacro Amenaza Volcánica | B6: Chile Preparado | C6: Ministerio del Interior y Seguridad Pública | D6: Servicio Nacional de Prevención y Respuesta ante Desastres | E6: Social
A7: Biblioteca Pública Digital; Bibliomás | B7: Programa de Fortalecimiento de la Frecuencia Lectora | C7: Ministerio de las Culturas, las Artes y el Patrimonio | D7: Servicio Nacional del Patrimonio Cultural | E7: Social
A8: Orquestas Propias de FOJI; Orquestas Comunales del Catastro FOJI | B8: Orquestas Sinfónicas Juveniles e Infantiles de Chile (ex Orquestas FOJI) | C8: Ministerio de las Culturas, las Artes y el Patrimonio | D8: Subsecretaría de las Culturas, las Artes y el Patrimonio | E8: Social
A9: Programa Nacional de Lectura; Plan Nacional de Escritura | B9: Programa Nacional de Lectoescritura | C9: Ministerio de Educación | D9: Subsecretaría de Educación | E9: Social
A10: Apoyo a la Comercialización de Artesanías; Educación y Difusión; Exposiciones Nacionales | B10: Apoyo a la sostenibilidad comercial de artesanos y artesanas tradicionales de Chile | C10: Ministerio de las Culturas, las Artes y el Patrimonio | D10: Subsecretaría de las Culturas, las Artes y el Patrimonio | E10: Social
A11: Elige Vida Sana; Control de Salud de Niño y Niña Sano en Establecimientos Educacionales; Programa de Cuidados Comunitarios en APS; Programa DIR APS Alcohol, Tabaco y otras Drogas | B11: Más Salud en Comunidad | C11: Ministerio de Salud | D11: Subsecretaría de Redes Asistenciales | E11: Social
A12: Tránsito a la Vida Independiente; Acceso a la Justicia para las Personas en Situación de Discapacidad; Desarrollo Inclusivo Territorial | B12: Servicios de Apoyo para la Vida Independiente e Inclusión en la Comunidad | C12: Ministerio de Desarrollo Social y Familia | D12: Servicio Nacional de la Discapacidad | E12: Social
A13: Fondo de Desarrollo Indígena - Gestión Social Indígena; Kume Mognen Pu Zomo – Calidad de Vida y Autocuidado; Fondo de Desarrollo Indígena – Fomento a la Economía Indígena; Fondo de Desarrollo Indígena – Apoyo a Predios Adquiridos y Transferidos | B13: Fondo de Desarrollo Indígena | C13: Ministerio de Desarrollo Social y Familia | D13: Corporación Nacional de Desarrollo Indígena | E13: Social
A14: Programa de Desarrollo de Acción Local (PRODESAL) - Asesorías e Inversiones; Programa Agropecuario para el Desarrollo Integral de los Pequeños Campesinos del Secano de la Región de Coquimbo (PADIS); Programa de Fortalecimiento Caprino Lechero de la Región de Coquimbo | B14: Programa de Desarrollo de Acción Local (PRODESAL) | C14: Ministerio de Agricultura | D14: Instituto de Desarrollo Agropecuario | E14: No social
A15: Programa Servicio de Asesoría Técnica (SAT); Programa Agropecuario para el Desarrollo Integral de los Pequeños Campesinos del Secano de la Región de Coquimbo (PADIS); Programa de Fortalecimiento Caprino Lechero de la Región de Coquimbo | B15: Programa Servicio de Asesoría Técnica (SAT) | C15: Ministerio de Agricultura | D15: Instituto de Desarrollo Agropecuario | E15: No social
A16: Servicios Virtuales; Capacitación y Formación Empresarial | B16: Formación Digital Mipe | C16: Ministerio de Economía, Fomento y Turismo | D16: Servicio de Cooperación Técnica | E16: No social
A17: Fuente: Dipres.

Sheet C IV.1.8
A1: Cuadro IV.1.8
A2: Programas con evaluación ex post finalizada y variación presupuestaria propuesta en Proyecto de Ley de Presupuestos 2027
A4: Categoría de desempeño | B4: Línea | C4: Programa evaluado | D4: Variación 2026-2027 (Proyecto de Ley 2027) | E4: Variación promedio de la categoría
A6: Mal desempeño | B6: EPG | C6: Bosque Nativo | D6: 0 | E6: -0.05
B7: EPG | C7: Escuelas Saludables para el Aprendizaje | D7: -0.1
B8: EPG | C8: Eficiencia Energética para la Vivienda DS 27, Cap. IV | D8: No identificable*
A9: Desempeño bajo | B9: EPG | C9: Sistema Nacional de Competencias Deportivas | D9: -0.059 | E9: 0.401
B10: EPG | C10: Crédito Mipyme | D10: 2.072
B11: EPG | C11: Red de Asistencia Digital | D11: 0.044
B12: EPG | C12: Programa Educativo para la Familia | D12: No identificable*
B13: EFA | C13: Calles Sin Violencia | D13: 0
B14: EFA | C14: Programa Contra el Crimen Organizado (PNCO) | D14: -0.049
A15: Desempeño medio | B15: EFA | C15: Fondo Nacional de Desarrollo Científico y Tecnológico (FONDECYT) | D15: 0.168 | E15: 0.059
B16: EFA | C16: Centros Comunitarios de Cuidados | D16: 0
B17: EFA | C17: Pensión Básica Solidaria de Invalidez | D17: -0.066
B18: EFA | C18: Subsidio de Discapacidad | D18: 0.134
A19: Resultados no identificados (EI) | B19: EI | C19: prePARA2 (Programa de Prevención Selectiva en establecimientos educacionales, SENDA) | D19: 0 | E19: 0
B20: EI | C20: Yo emprendo | D20: No identificable*
A21: Nota (*): Programa con recursos no identificable (asignación explícita) en la Ley de Presupuestos 2026.
A22: Fuente: Dipres.

Sheet C V.3.1
A1: Cuadro V.3.1
A2: Gasto tributario 2027
B4: Millones de $ | C4: Millones de US$(1) | D4: % del PIB
A5: Impuesto a la Renta | B5: 5279517.4 | C5: 5959.4286 | D5: 1.3717492
A6: Regímenes Especiales | B6: 1483280 | C6: 1674.301 | D6: 0.38539283
A7: Exenciones | B7: 1086846 | C7: 1226.8131 | D7: 0.28238949
A8: Deducciones | B8: 279683.3 | C8: 315.70171 | D8: 0.072668641
A9: Créditos al Impuesto | B9: 593473.91 | C9: 669.90316 | D9: 0.1541992
A10: Diferimientos del Impuesto | B10: 1770445.1 | C10: 1998.448 | D10: 0.46000544
A11: Tasas reducidas | B11: 65789.119 | C11: 74.261628 | D11: 0.017093641
A12: IVA | B12: 4100576.7 | C12: 4628.6606 | D12: 1.0654313
A13: Regímenes especiales | B13: 3795.4266 | C13: 4.2842124 | D13: 0.00098614574
A14: Exenciones y Hechos no gravados | B14: 3282663.7 | C14: 3705.4144 | D14: 0.85291723
A15: Créditos | B15: 437018.09 | C15: 493.29852 | D15: 0.11354811
A16: Diferimientos del Impuesto | B16: 104903.96 | C16: 118.41379 | D16: 0.027256644
... A22: TOTAL | B22: 9416474.5 | C22: 10629.155 | D22: 2.446633
A23: (1) Considera tipo de cambio de 885,91 $/US$ para el 2027 (proyección del Ministerio de Hacienda).
A24: Fuente: Subdirección de Gestión Estratégica y Estudios Tributarios, SII (septiembre 2026).

Sheet C V.3.2
A1: Cuadro V.3.2
A2: Gasto tributario 2027
A3: Ordenado por sector u objetivo beneficiado
A5: Sector/Objetivo | B5: Millones de $ | C5: Millones de US$(1) | D5: % del PIB | E5: % TOTAL
A6: Ahorro-Inversión | B6: 2984499.5 | C6: 3368.8518 | D6: 0.7754468 | E6: 31.694447
A7: Fomento a la MYPE | B7: 1591448.4 | C7: 1796.3997 | D7: 0.41349768 | E7: 16.900682
A8: Inmobiliario | B8: 1534634.8 | C8: 1732.2694 | D8: 0.39873608 | E8: 16.297339
A9: Regional | B9: 822876.12 | C9: 928.84844 | D9: 0.21380357 | E9: 8.7386858
A10: Educación | B10: 769784.26 | C10: 868.91926 | D10: 0.200009 | E10: 8.174867
A11: Otros | B11: 681319.1 | C11: 769.06131 | D11: 0.17702356 | E11: 7.2353948
A12: Salud | B12: 455527.64 | C12: 514.19178 | D12: 0.11835735 | E12: 4.8375604
A13: Transporte | B13: 407716.61 | C13: 460.22351 | D13: 0.10593486 | E13: 4.3298223
A14: Seguros | B14: 78435.384 | C14: 88.536515 | D14: 0.020379453 | E14: 0.83295914
A15: Resto | B15: 56079.662 | C15: 63.30176 | D15: 0.014570884 | E15: 0.59554839
A16: Exportadores | B16: 34153.009 | C16: 38.55133 | D16: 0.0088737966 | E16: 0.36269422
A17: TOTAL | B17: 9416474.5 | C17: 10629.155 | D17: 2.446633 | E17: 100
A18: (1) Considera tipo de cambio de 885,91 $/US$ para el 2027 (proyección del Ministerio de Hacienda).
A19: Fuente: Subdirección de Gestión Estratégica y Estudios Tributarios, SII (septiembre 2026).

Sheet C V.3.3
A1: Cuadro V.3.3
A2: Gasto tributario 2025-2027
B4: 2025 | D4: 2026 | F4: 2027
B5: Mill. | C5: % del | D5: Mill. | E5: % del | F5: Mill. | G5: % del
B6: US$(1) | C6: PIB | D6: US$(1) | E6: PIB | F6: US$(1) | G6: PIB
A7: (I) Impuesto a la renta | B7: 4173.1532 | C7: 1.1681176 | D7: 5444.7399 | E7: 1.3368397 | F7: 5959.4286 | G7: 1.3717492
A8: A) Empresas | B8: 3050.7732 | C8: 0.85394947 | D8: 3807.2864 | E8: 0.93479791 | F8: 4142.6857 | G8: 0.95356894
A9: B) Personas | B9: 1122.3799 | C9: 0.31416814 | D9: 1637.4534 | E9: 0.40204174 | F9: 1816.7429 | G9: 0.41818031
A10: (II) IVA | B10: 3479.8866 | C10: 0.97406365 | D10: 4187.9054 | E10: 1.0282508 | F10: 4628.6606 | G10: 1.0654313
A11: (III) Impto. combustibles | B11: 90.135178 | C11: 0.02522996 | D11: 89.373274 | E11: 0.0219437 | F11: 0.16752287 | G11: 3.8560638e-05
A12: (IV) Otros impuestos | B12: 45.037015 | C12: 0.012606422 | D12: 28.872988 | E12: 0.007089146 | F12: 40.897971 | G12: 0.0094139495
A13: Total | B13: 7788.212 | C13: 2.1800176 | D13: 9750.8915 | E13: 2.3941233 | F13: 10629.155 | G13: 2.446633
A14: (1) Considera tipo de cambio de 951,64 $/US para el 2025; 905,81 $/US$ para el 2026; y 885,91 $/US$ para el 2027 (los valores del 2026 y 2027 corresponden a proyecciones realizadas por el Ministerio de Hacienda).
A16: Fuente: Subdirección de Gestión Estratégica y Estudios Tributarios, SII (septiembre 2026).

Sheet C V.3.4
A1: Cuadro V.3.4
A2: Gasto tributario 2027
A3: Partidas más relevantes
A5: Partida de Gasto(1) | B5: Categoría a la que pertenece | C5: Sector | D5: Millones de $ | E5: Millones de US$(2) | F5: % del PIB
A6: (1) Régimen de Tributación Propyme Impuestos Finales | B6: IR, empresa y persona natural, regímenes especiales | C6: Fomento a la PYME | D6: 714422.07 | E6: 806.42737 | F6: 0.18562453
A7: (2) Venta de viviendas. | B7: IVA, exenciones y hechos no gravados | C7: Inmobiliario | D7: 651423.11 | E7: 735.31522 | F7: 0.16925584
A8: (3) Régimen de tributación Propyme General Primera Categoría con tasa especial | B8: IR, empresa y persona natural, regímenes especiales | C8: Fomento a la PYME | D8: 614747.24 | E8: 693.91613 | F8: 0.15972654
A9: (4) Ganancias de capital de bienes raíces, hasta 8.000 UF | B9: IR, personas, Exenciones | C9: Ahorro-Inversión | D9: 499140.29 | E9: 563.42099 | F9: 0.129689
A10: (5) Tratamiento especial de las cotizaciones voluntarias, de los depósitos convenidos, del ahorro previsional voluntario normal y colectivo | B10: IR, personas, diferimientos | C10: Ahorro-Inversión | D10: 492044.11 | E10: 555.41094 | F10: 0.12784523
A11: (6) Incentivo al ahorro para empresas medianas | B11: IR, empresas, diferimientos | C11: Ahorro-Inversión | D11: 468641 | E11: 528.99391 | F11: 0.12176453
A12: (7) Depreciación tributaria | B12: IR, empresas, diferimientos | C12: Ahorro-Inversión | D12: 466134.98 | E12: 526.16516 | F12: 0.1211134
A13: (8) Establecimientos de educación | B13: IVA, exenciones y hechos no gravados | C13: Educación | D13: 449493.98 | E13: 507.38109 | F13: 0.11678966
A14: (9) Prestaciones de salud | B14: IVA, exenciones y hechos no gravados | C14: Salud | D14: 434410.38 | E14: 490.35498 | F14: 0.11287056
A15: (10) Crédito especial para la construcción de viviendas | B15: IVA, créditos | C15: Inmobiliario | D15: 417575.76 | E15: 471.35235 | F15: 0.10849651
A16: (1) Excluye partidas de gasto tributario negativo.
A17: (2) Considera tipo de cambio de 885,91 $/US$ para el 2027 (proyección del Ministerio de Hacienda).
A18: Fuente: Subdirección de Gestión Estratégica y Estudios Tributarios, SII (septiembre 2026).

Sheet C VI.1.1
A1: Cuadro VI.1.1
A2: Detalle de los gastos reservados por institución
A3: (moneda nacional expresada en miles de pesos y moneda extranjera expresada en miles de dólares)
A5: Institución | B5: 2026¹ | D5: 2027p
B6: Miles de pesos | C6: Miles de dólares | D6: Miles de pesos | E6: Miles de dólares
A8: Presidencia de la República | B8: 1372710.4 | D8: 1028800
A9: Ministerio del Interior | B9: 612512.54 | C9: 0 | D9: 612513 | E9: 0
A10: Agencia Nacional de Inteligencia | B10: 612512.54 | D10: 612513
A11: Ministerio de Defensa Nacional | B11: 2558755.2 | C11: 3124 | D11: 2558755 | E11: 3124
A12: Ejército de Chile | B12: 1539286.4 | C12: 1770 | D12: 1539286 | E12: 1770
A13: Armada de Chile | B13: 299577.3 | C13: 714 | D13: 299577 | E13: 714
A14: Fuerza Aérea de Chile | B14: 538546.96 | C14: 640 | D14: 538547 | E14: 640
A15: Subsecretaría para las FFAA | B15: 181344.52 | D15: 181345
A16: Ministerio de Relaciones Exteriores | B16: 121600.04 | C16: 400 | D16: 82304 | E16: 300
A17: Secretaría y Administración General | C17: 400 | D17: 0 | E17: 300
A18: Dirección Nacional de Fronteras y Límites del Estado (DIFROL) | B18: 121600.04 | D18: 82304
A19: Ministerio de Seguridad Pública | B19: 1621253 | C19: 0 | D19: 1621253 | E19: 0
A20: Subsecretaría de Seguridad Pública | B20: 205760 | D20: 205760
A21: Carabineros de Chile | B21: 989411.36 | D21: 989411
A22: Policía de Investigaciones | B22: 426081.64 | D22: 426082
A23: TOTAL | B23: 6286831.2 | C23: 3524 | D23: 5903625 | E23: 3424
A24: p: Proyecto de Ley de Presupuestos.
A25: (1) Ley de Presupuestos 2026 más reajuste más leyes especiales más ajustes.
A26: Fuente: Dipres.

Sheet C VI.1.2
A1: Cuadro VI.1.2
A2: Dotación máxima del personal del sector público(1,2,3,4)
A3: (número de dotación)
B5: 2022 | C5: 2023 | D5: 2024 | E5: 2025 | F5: 2026 | G5: 2027p
A6: Dotación máxima | B6: 309722 | C6: 320291 | D6: 346568 | E6: 366982 | F6: 392599 | G6: 402701
A7: Variación anual (%) | B7: 0.042 | C7: 0.034 | D7: 0.082 | E7: 0.059 | F7: 0.07 | G7: 0.026
A8: p: Proyecto de Ley de Presupuestos.
A9: (1) No incluye personal por horas del Ministerio de Salud afecto a las Leyes N° 19.664 y N° 15.076 y establecimientos experimentales.
A10: (2) No incluye personal por horas docentes de los Servicios Educativos de los Servicios Locales de Educación Pública.
A11: (3) Corresponde a la ley inicial más reajuste más leyes especiales.
A12: (4) Comprende como dotación máxima el conjunto de personal permanente principalmente compuesto por planta y contrata, excluyendo honorarios salvo el personal a honorarios asimilado a grados, contabilizado en las glosas que fijan los límites máximos de dotación en la respectiva Ley de Presupuestos, excluyendo el personal transitorio y las otras categorías de personal que no imputan a dotación en los términos descritos.
A16: Fuente: Dipres.

Sheet C VI.1.3
A1: Cuadro VI.1.3
A2: Asignación por funciones críticas(1,2)
B4: 2022 | C4: 2023 | D4: 2024 | E4: 2025 | F4: 2026 | G4: 2027p
A5: Funciones críticas (millones de $) | B5: 40105 | C5: 42165 | D5: 41629 | E5: 41757 | F5: 33511 | G5: 31709
A6: Variación anual (%) | B6: -0.046 | C6: 0.051 | D6: -0.013 | E6: 0.003 | F6: -0.197 | G6: -0.054
A7: N° de personas | B7: 2791 | C7: 2861 | D7: 2957 | E7: 3050 | F7: 3042 | G7: 2866
A8: Variación anual (%) | B8: 0.037 | C8: 0.025 | D8: 0.034 | E8: 0.031 | F8: -0.003 | G8: -0.058
A9: p: Proyecto de Ley de Presupuestos.
A10: (1) Corresponde a la ley inicial más reajuste más leyes especiales.
A11: (2) En relación con el IFP 3T25, se actualiza la cifra del año 2026.
A12: Fuente: Dipres.

Sheet C VI.1.4
A1: Cuadro VI.1.4
A2: Cupos de personal a honorarios y asesores de autoridad(1,2)
B4: 2025 | C4: 2026 | D4: 2027p
A5: Honorarios | B5: 22031 | C5: 23271 | D5: 22608
A6: Asesores de autoridad | D6: 393
A7: p: Proyecto de Ley de Presupuestos.
A8: (1) Corresponde a la ley inicial más reajuste más leyes especiales y modificaciones.
A9: (2) Los asesores de autoridad, corresponden a los asesores a honorarios regulados por el artículo 38 bis de la Constitución y la Ley N°21.603. La cifra de honorarios presentada excluye el número de asesores de autoridad.
A12: Fuente: Dipres.

Sheet C VI.1.5
A1: Cuadro VI.1.5
A2: Gasto máximo autorizado en horas extraordinarias(1,2)
B4: 2022 | C4: 2023 | D4: 2024 | E4: 2025 | F4: 2026 | G4: 2027p
A5: Horas extraordinarias (millones de $) | B5: 155334 | C5: 163463 | D5: 170919 | E5: 170271 | F5: 170917 | G5: 166622
A6: Variación anual (%) | B6: -0.15 | C6: 0.052 | D6: 0.046 | E6: -0.004 | F6: 0.004 | G6: -0.025
A7: Notas:
A8: p: Proyecto de Ley de Presupuestos.
A9: (1) Corresponde a la ley inicial más reajuste más leyes especiales más ajustes.
A10: (2) En relación con el IFP 3T25, se actualiza la cifra del año 2026.
A11: Fuente: Dipres.

Sheet C VI.1.6
A1: Cuadro VI.1.6
A2: Gasto máximo autorizado en viáticos nacionales(1,2,3)
B4: 2022 | C4: 2023 | D4: 2024 | E4: 2025 | F4: 2026 | G4: 2027p
A5: Viáticos nacionales totales (millones de $) | B5: 84607 | C5: 98880 | D5: 104268 | E5: 109485 | F5: 112121 | G5: 123802
A6: Variación anual (%) | B6: -0.084 | C6: 0.169 | D6: 0.054 | E6: 0.05 | F6: 0.024 | G6: 0.104
A7: Viáticos administración civil (millones de $) | B7: 58520 | C7: 70903 | D7: 73210 | E7: 77640 | F7: 78062 | G7: 83669
A8: Variación anual (%) | B8: -0.063 | C8: 0.212 | D8: 0.033 | E8: 0.061 | F8: 0.005 | G8: 0.072
A9: Notas:
A10: p: Proyecto de Ley de Presupuestos.
A11: (1) Corresponde a la ley inicial más reajuste más leyes especiales más ajustes.
A12: (2) En relación con el IFP 3T25, se actualiza la cifra del año 2026.
A13: Fuente: Dipres.

Sheet C VI.1.7
A1: Cuadro VI.1.7
A2: Dotación de vehículos(1)
A3: (número de unidades)
B5: 2022 | C5: 2023 | D5: 2024 | E5: 2025 | F5: 2026 | G5: 2027p
A6: Dotación de vehículos | B6: 8837 | C6: 8884 | D6: 9095 | E6: 9393 | F6: 9610 | G6: 9842
A7: Variación anual (%) | B7: 0.006 | C7: 0.005 | D7: 0.024 | E7: 0.033 | F7: 0.023 | G7: 0.024
A8: Notas:
A9: p: Proyecto de Ley de Presupuestos.
A10: (1) En relación con el IFP 3T25, se actualiza la cifra del año 2026.
A11: Fuente: Dipres.

Sheet C A.I.1
A1: Cuadro A.I.1
A2: Variables estructurales 2026 (p)
A4: Variable | B4: Valor | C4: Fuente
A5: Brecha PIB no minero tendencial/PIB no minero efectivo 2026 | B5: 0.0203 | C5: Ministerio de Hacienda/Comité de expertos, reunido en julio de 2025.
A6: Brecha PIB no minero tendencial/PIB no minero efectivo 2025 | B6: 0.0069 | C6: Ministerio de Hacienda/Comité de expertos, reunido en julio de 2025.
A7: Precio de referencia del cobre 2026 | B7: 438 | C7: Comité de expertos, reunido en julio de 2025.
A8: (centavos de dólar por libra)
A9: Umbral del litio | B9: 0.003523318 | C9: Dipres, promedio de los ingresos por rentas de la propiedad provenientes de la explotación del litio de Corfo y Codelco entre agosto de 2018 y julio de 2025, como porcentaje del PIB del período entre julio de 2018 y junio de 2025.
A10: (% del PIB)
A11: (p) Proyección.
A12: Fuentes: Ministerio de Hacienda y Dipres.

Sheet C A.I.2
A1: Cuadro A.I.2
A2: Variables económicas efectivas 2026 (p)
A4: Variable | B4: Período | C4: Valor
A5: PIB no minero real (miles de millones de pesos año anterior) | B5: Total 2026 | C5: 205529.66
B6: Total 2025 | C6: 203001.69
A7: PIB tendencial no minero (miles de millones de pesos año anterior) | B7: Total 2026 | C7: 209708.15
B8: Total 2025 | C8: 204412.19
A9: IPC (tasa de variación promedio/promedio) | B9: Promedio 2026 | C9: 0.037690611
A10: Precio del cobre BML (centavos de dólar por libra) | B10: Promedio 2026 | C10: 615.30814
A11: (p) Proyección.
A12: Fuentes: Ministerio de Hacienda y Dipres.

Sheet C A.I.3
A1: Cuadro A.I.3
A2: Ingresos efectivos, componente cíclico e ingresos cíclicamente ajustados 2026 (p)
A3: (millones de pesos 2026)
A5: Componente | B5: Ingresos efectivos | C5: Componente cíclico | D5: Ingresos cíclicamente ajustados
A6: (1) Ingresos tributarios no mineros | B6: 57032070 | C6: -1673666.4 | D6: 58705737
A7: (1.1) Impuesto declaración anual (abril de 2026) | B7: 14786201 | C7: -166661.55 | D7: 14952863
A8: (1.2) Sistema de pagos (abril de 2026) | B8: -15706903 | C8: 260265.79 | D8: -15967169
A9: (1.3) Impuesto declaración mensual | B9: 8567620.1 | C9: -319170.66 | D9: 8886790.8
A10: (1.4) Pagos provisionales mensuales | B10: 14447572 | C10: -710868.27 | D10: 15158440
A11: (1.5) Impuestos indirectos | B11: 34123398 | C11: -720703.78 | D11: 34844101
A12: (1.6) Otros | B12: 814182 | C12: -16527.895 | D12: 830709.89
A13: (2) Cotizaciones previsionales de salud | B13: 4231620.7 | C13: -100677.68 | D13: 4332298.4
A14: (3) Traspasos de Codelco al Fisco por cobre | B14: 3058414.7 | C14: 1196442.1 | D14: 1861972.6
A15: (4) Ingresos tributarios GMP10 | B15: 7843160.7 | C15: 2573563.7 | D15: 5269597
A16: (5) Ingresos por litio (Codelco y Corfo) | B16: 1250690 | C16: 0 | D16: 1250690
A17: (6) Otros ingresos sin ajuste cíclico | B17: 7241239.3 | C17: 0 | D17: 7241239.3
A18: (7)= (1+2+3+4+5+6) Total | B18: 80657196 | C18: 1995661.7 | D18: 78661534
A19: (p) Proyección.
A20: Fuente: Dipres.

Sheet C A.I.4
A1: Cuadro A.I.4
A2: Balance cíclicamente ajustado del Gobierno Central total 2026 (p)
A3: (millones de pesos 2026 y % del PIB)
B5: MM$2026 | C5: % del PIB
A6: (1) Balance efectivo | B6: -6623488.6 | C6: -1.7953613
A7: (2) Ajuste cíclico | B7: 1995661.7 | C7: 0.54094362
A8: (2.1) Ingresos tributarios no mineros | B8: -1673666.4 | C8: -0.45366363
A9: (2.2) Ingresos cotizaciones previsionales de salud | B9: -100677.68 | C9: -0.027289669
A10: (2.3) Ingresos de Codelco por cobre | B10: 1196442.1 | C10: 0.32430733
A11: (2.4) Ingresos tributarios GMP10 | B11: 2573563.7 | C11: 0.69758959
A12: (2.5) Ingresos por litio (Codelco y Corfo) | B12: 0 | C12: 0
A13: (3)= (1-2) Balance cíclicamente ajustado | B13: -8619150.3 | C13: -2.3363049
A14: (4) Ingresos por intereses | B14: 617906.19 | C14: 0.16748951
A15: (5) Gastos por intereses | B15: 4614112.7 | C15: 1.2507004
A16: (6) = (1-4+5) Balance primario efectivo | B16: -2627282.1 | C16: -0.71215048
A17: (7) = (3-4+5) Balance primario cíclicamente ajustado | B17: -4622943.8 | C17: -1.2530941
A18: (p) Proyección.
A19: Fuente: Dipres.

Sheet C A.I.5
A1: Cuadro A.I.5
A2: Variables estructurales 2027 (p)
A4: Variable | B4: Valor | C4: Fuente
A5: Brecha PIB no minero tendencial/PIB no minero efectivo 2027 | B5: 0.0069 | C5: Ministerio de Hacienda/Comité de expertos, reunido en julio de 2026.
A6: Brecha PIB no minero tendencial/PIB no minero efectivo 2026 | B6: 0.0138 | C6: Ministerio de Hacienda/Comité de expertos, reunido en julio de 2026.
A7: Precio de referencia del cobre 2027 | B7: 537 | C7: Comité de expertos, reunido en julio de 2026.
A8: (centavos de dólar por libra)
A9: Umbral del litio | B9: 0.0037689275 | C9: Dipres, promedio de los ingresos por rentas de la propiedad provenientes de la explotación del litio de Corfo y Codelco entre agosto de 2019 y julio de 2026, como porcentaje del PIB del período entre julio de 2019 y junio de 2026.
A10: (% del PIB)
A11: (p) Proyección.
A12: Fuentes: Ministerio de Hacienda y Dipres.

Sheet C A.I.6
A1: Cuadro A.I.6
A2: Variables económicas efectivas 2027 (p)
A4: Variable | B4: Período | C4: Valor
A5: PIB no minero real (miles de millones de pesos año anterior) | B5: Total 2027 | C5: 212377.3
B6: Total 2026 | C6: 205529.66
A7: PIB tendencial no minero (miles de millones de pesos año anterior) | B7: Total 2027 | C7: 213850.68
B8: Total 2026 | C8: 208374.68
A9: IPC (tasa de variación promedio/promedio) | B9: Promedio 2027 | C9: 0.028751508
A10: Precio del cobre BML (centavos de dólar por libra) | B10: Promedio 2027 | C10: 564.84057
A11: (p): Proyección.
A12: Fuentes: Ministerio de Hacienda y Dipres.

Sheet C A.I.7
A1: Cuadro A.I.7
A2: Ingresos efectivos, componente cíclico e ingresos cíclicamente ajustados 2027 (p)
A3: (millones de pesos 2027)
A5: Componente | B5: Ingresos efectivos | C5: Componente cíclico | D5: Ingresos cíclicamente ajustados
A6: (1) Ingresos tributarios no mineros | B6: 60856024 | C6: -434134.69 | D6: 61290159
A7: (1.1) Impuesto declaración anual (abril de 2027) | B7: 15485352 | C7: -349839.11 | D7: 15835191
A8: (1.2) Sistema de pagos (abril de 2027) | B8: -16622097 | C8: 553497.49 | D8: -17175594
A9: (1.3) Impuesto declaración mensual | B9: 9098814.1 | C9: -114586.02 | D9: 9213400.2
A10: (1.4) Pagos provisionales mensuales | B10: 15314478 | C10: -253763.26 | D10: 15568242
A11: (1.5) Impuestos indirectos | B11: 36627528 | C11: -262875.34 | D11: 36890404
A12: (1.6) Otros | B12: 951948.75 | C12: -6568.4464 | D12: 958517.2
A13: (2) Cotizaciones previsionales de salud | B13: 4513987.9 | C13: -36462.756 | D13: 4550450.6
A14: (3) Traspasos de Codelco al Fisco por cobre | B14: 2446178.8 | C14: 174019.03 | D14: 2272159.8
A15: (4) Ingresos tributarios GMP10 | B15: 8232606 | C15: 472744.62 | D15: 7759861.3
A16: (5) Ingresos por litio (Codelco y Corfo) | B16: 954832.6 | C16: 0 | D16: 954832.6
A17: (6) Otros ingresos sin ajuste cíclico | B17: 7420605.9 | C17: 0 | D17: 7420605.9
A18: (7)= (1+2+3+4+5+6) Total | B18: 84424236 | C18: 176166.2 | D18: 84248069
A19: (p) Proyección.
A20: Fuente: Dipres.

Sheet C A.I.8
A1: Cuadro A.I.8
A2: Balance cíclicamente ajustado del Gobierno Central total 2027 (p)
A3: (millones de pesos 2027 y % del PIB)
B5: MM$2027 | C5: % del PIB
A6: (1) Balance efectivo | B6: -6751580.5 | C6: -1.7542277
A7: (2) Ajuste cíclico | B7: 176166.2 | C7: 0.045772338
A8: (2.1) Ingresos tributarios no mineros | B8: -434134.69 | C8: -0.11279893
A9: (2.2) Ingresos cotizaciones previsionales de salud | B9: -36462.756 | C9: -0.0094739262
A10: (2.3) Ingresos de Codelco por cobre | B10: 174019.03 | C10: 0.045214449
A11: (2.4) Ingresos tributarios GMP10 | B11: 472744.62 | C11: 0.12283075
A12: (2.5) Ingresos por litio (Codelco y Corfo) | B12: 0 | C12: 0
A13: (3)= (1-2) Balance cíclicamente ajustado | B13: -6927746.7 | C13: -1.8
A14: (4) Ingresos por intereses | B14: 519140.61 | C14: 0.13488558
A15: (5) Gastos por intereses | B15: 5093706.5 | C15: 1.323471
A16: (6) = (1-4+5) Balance primario efectivo | B16: -2177014.7 | C16: -0.56564228
A17: (7) = (3-4+5) Balance primario cíclicamente ajustado | B17: -2353180.9 | C17: -0.61141462
A18: (p) Proyección.
A19: Fuentes: Dipres.

Sheet C A.II.1
A1: Cuadro A.II.1
A2: Supuestos macroeconómicos 2027-2031 (p)
A4: Proyecciones | C4: 2027 | D4: 2028 | E4: 2029 | F4: 2030 | G4: 2031
A5: Escenario base
B6: PIB (miles de millones de $ del año anterior) | C6: 224156.99 | D6: 230490.8 | E6: 237909.61 | F6: 246352.31 | G6: 254895.89
B7: PIB (miles de millones de $ nominales) | C7: 384874.82 | D7: 404049.17 | E7: 425714.64 | F7: 450155.82 | G7: 476488.74
B8: Tipo de cambio ($/US$) a diciembre | C8: 880.87918 | D8: 891.45557 | E8: 890.79618 | F8: 891.03269 | G8: 890.73929
A9: Escenario menor crecimiento
B10: PIB (miles de millones de $ del año anterior) | C10: 223666.36 | D10: 229078.37 | E10: 234654.5 | F10: 240649.15 | G10: 247491.44
B11: PIB (miles de millones de $ nominales) | C11: 383871.26 | D11: 399654.67 | E11: 417735.81 | F11: 437221.85 | G11: 459863
B12: Tipo de cambio ($/US$) a diciembre | C12: 886.22871 | D12: 895.32031 | E12: 894.67063 | F12: 894.90819 | G12: 894.61351
A13: Escenario mayor crecimiento
B14: PIB (miles de millones de $ del año anterior) | C14: 224765.73 | D14: 231642.48 | E14: 239342.4 | F14: 248285.3 | G14: 258339.89
B15: PIB (miles de millones de $ nominales) | C15: 386404.81 | D15: 406311.83 | E15: 428517.6 | F15: 453898.96 | G15: 482425.35
B16: Tipo de cambio ($/US$) a diciembre | C16: 873.94622 | D16: 874.52332 | E16: 874.52469 | F16: 874.52469 | G16: 874.52469
A17: (p) Proyección.
A18: Fuente: Ministerio de Hacienda.

Sheet C A.II.2
A1: Cuadro A.II.2
A2: Ingresos tributarios GMP10
A3: moneda nacional + moneda extranjera
A4: (miles de dólares)
B6: Declaración anual de renta | C6: Declaración y pago mensual | D6: Pagos provisionales mensuales | E6: Impuesto adicional retenido | F6: Total pagos por impuesto a la renta
A8: 1997 | B8: -27361 | C8: 402938 | D8: 150829 | E8: 252109 | F8: 375577
A9: 1998 | B9: -5381 | C9: 185156 | D9: 77437 | E9: 107719 | F9: 179775
A10: 1999 | B10: -73261 | C10: 174596 | D10: 54027 | E10: 120569 | F10: 101335
A11: 2000 | B11: -5846 | C11: 218960 | D11: 57655 | E11: 161305 | F11: 213114
A12: 2001 | B12: 9034 | C12: 128986 | D12: 56085 | E12: 72901 | F12: 138020
A13: 2002 | B13: -39450 | C13: 88047 | D13: 31853 | E13: 56194 | F13: 48597
A14: 2003 | B14: -3781 | C14: 114136 | D14: 38089 | E14: 76047 | F14: 110355
A15: 2004 | B15: 123324 | C15: 473144 | D15: 172579 | E15: 300565 | F15: 596468
A16: 2005 | B16: 455179.34 | C16: 1264244.4 | D16: 613157.54 | E16: 651086.86 | F16: 1719423.7
A17: 2006 | B17: 496108.64 | C17: 4078834.8 | D17: 1998691.7 | E17: 2080143.1 | F17: 4574943.5
A18: 2007 | B18: 1152329.8 | C18: 5054366.2 | D18: 3299199.6 | E18: 1755166.6 | F18: 6206696
A19: 2008 | B19: -336375.14 | C19: 4680595.1 | D19: 3220332.4 | E19: 1460262.7 | F19: 4344219.9
... A36: 2025 | B36: 1054679.2 | C36: 4506259.2 | D36: 4081893.1 | E36: 424366.03 | F36: 5560938.3
A37: Ley de Presupuestos 2026 | B37: 775888.89 | C37: 5167570.3 | D37: 4551189.3 | E37: 616381.04 | F37: 5943459.2
A38: 2026p | B38: 841883.78 | C38: 7816874.8 | D38: 7222721.4 | E38: 594153.42 | F38: 8658758.6
A39: Proyecto de Ley de Presupuestos 2027 | B39: 1832982.3 | C39: 7459891.8 | D39: 6670568.7 | E39: 789323.08 | F39: 9292874
A40: Fuente: Dipres.

Sheet C A.II.3
A1: Cuadro A.II.3
A2: Estado de operaciones 2026-2027
A3: Gobierno Central total
A4: moneda nacional + moneda extranjera
A5: (millones de pesos de cada año)
B7: 2026 | C7: 2027
A8: TRANSACCIONES QUE AFECTAN EL PATRIMONIO NETO
A9: INGRESOS | B9: 80643382 | C9: 84395304
A10: Ingresos tributarios netos | B10: 64875231 | C10: 69088630
A11: Tributación minería privada | B11: 7843160.7 | C11: 8232606
A12: Tributación resto contribuyentes | B12: 57032070 | C12: 60856024
A13: Traspasos Codelco | B13: 3140900.7 | C13: 2525760.2
A14: Imposiciones previsionales | B14: 5097208.1 | C14: 5380093.8
A15: Donaciones | B15: 151945.2 | C15: 95152.47
A16: Rentas de la propiedad | B16: 2948306 | C16: 2655722.9
A17: Ingresos de operación | B17: 1559771.9 | C17: 1603382.7
A18: Otros ingresos | B18: 2870019 | C18: 3046561.3
A19: GASTOS | B19: 75223657 | C19: 77868578
A20: Personal | B20: 18622815 | C20: 19158964
... A26: RESULTADO OPERATIVO BRUTO | B26: 5419724.8 | C26: 6526725.5
A27: TRANSACCIONES EN ACTIVOS NO FINANCIEROS
A28: ADQUISICION NETA DE ACTIVOS NO FINANCIEROS | B28: 12043213 | C28: 13278306
A29: Venta de activos físicos | B29: 13813.787 | C29: 28931.92
A30: Inversión | B30: 4809336.7 | C30: 5381378.3
A31: Transferencias de capital | B31: 7247690.4 | C31: 7925859.6
A32: TOTAL INGRESOS (3) | B32: 80657196 | C32: 84424236
A33: TOTAL GASTOS (4) | B33: 87280684 | C33: 91175816
A34: PRESTAMO NETO/ENDEUDAMIENTO NETO | B34: -6623488.6 | C34: -6751580.5
A35: TRANSACCIONES EN ACTIVOS FINANCIEROS (FINANCIAMIENTO)
A36: ADQUISICION NETA DE ACTIVOS FINANCIEROS | B36: 6115028.2 | C36: -810104.66
A37: Préstamos | B37: 860248.5 | C37: 96087.603
A38: Otorgamiento de préstamos | B38: 2461773.7 | C38: 2383742.1
A39: Recuperación de prestamos | B39: 1601525.2 | C39: 2287654.5
A40: Títulos y valores | B40: 5420903.6 | C40: -906177.02
A41: Inversión financiera | B41: 10679419 | C41: 2677740.5
A42: Venta de activos financieros | B42: 5258515.6 | C42: 3583917.5
A43: Operaciones de cambio | B43: -164312.97 | C43: 218.84305
A44: Caja | B44: -1810.9411 | C44: -234.0865
A45: Fondos Especiales | B45: 0 | C45: 0
A46: Giros | B46: 0 | C46: 0
A47: Depósitos | B47: 0 | C47: 0
... A64: FINANCIAMIENTO | B64: -6623488.6 | C64: -6751580.5
A65: Notas:
A66: (1) Corresponde al concepto de transferencias (corrientes para el gasto) del clasificador presupuestario utilizado en la Ley de Presupuestos.
A67: (2) Excluye el pago de bonos de reconocimiento, que se clasifica entre las partidas de financiamiento.
A68: (3) Ingresos de Transacciones que afectan el Patrimonio Neto más Venta de activos físicos clasificada en Transacciones en Activos No Financieros.
A69: (4) Gastos de Transacciones que afectan el Patrimonio Neto más Inversión y Transferencias de capital clasificadas en Transacciones en Activos No Financieros.
A70: Fuente: Dipres.

Sheet C A.II.4
A1: Cuadro A.II.4
A2: Estado de operaciones 2026-2027
A3: Gobierno Central total
A4: moneda nacional + moneda extranjera
A5: (millones de pesos 2027)
B7: 2026 | C7: 2027
A8: TRANSACCIONES QUE AFECTAN EL PATRIMONIO NETO
A9: INGRESOS | B9: 82962001 | C9: 84395304
A10: Ingresos tributarios netos | B10: 66740492 | C10: 69088630
A11: Tributación minería privada | B11: 8068663.4 | C11: 8232606
A12: Tributación resto contribuyentes | B12: 58671828 | C12: 60856024
A13: Traspasos Codelco | B13: 3231206.3 | C13: 2525760.2
A14: Imposiciones previsionales | B14: 5243760.5 | C14: 5380093.8
A15: Donaciones | B15: 156313.86 | C15: 95152.47
A16: Rentas de la propiedad | B16: 3033074.3 | C16: 2655722.9
A17: Ingresos de operación | B17: 1604617.7 | C17: 1603382.7
A18: Otros ingresos | B18: 2952536.3 | C18: 3046561.3
A19: GASTOS | B19: 77386451 | C19: 77868578
A20: Personal | B20: 19158249 | C20: 19158964
... A34: PRESTAMO NETO/ENDEUDAMIENTO NETO | B34: -6813923.9 | C34: -6751580.5
A35: TRANSACCIONES EN ACTIVOS FINANCIEROS (FINANCIAMIENTO)
A36: ADQUISICION NETA DE ACTIVOS FINANCIEROS | B36: 6290844.5 | C36: -810104.66
A37: Préstamos | B37: 884981.94 | C37: 96087.603
A38: Otorgamiento de préstamos | B38: 2532553.4 | C38: 2383742.1
A39: Recuperación de prestamos | B39: 1647571.4 | C39: 2287654.5
A40: Títulos y valores | B40: 5576762.7 | C40: -906177.02
A41: Inversión financiera | B41: 10986469 | C41: 2677740.5
A42: Venta de activos financieros | B42: 5409705.8 | C42: 3583917.5
A43: Operaciones de cambio | B43: -169037.21 | C43: 218.84305
A44: Caja | B44: -1863.0084 | C44: -234.0865
A45: Fondos Especiales | B45: 0 | C45: 0
A46: Giros | B46: 0 | C46: 0
A47: Depósitos | B47: 0 | C47: 0
... A64: FINANCIAMIENTO | B64: -6813923.9 | C64: -6751580.5
A65: Notas:
A66: (1) Corresponde al concepto de transferencias (corrientes para el gasto) del clasificador presupuestario utilizado en la Ley de Presupuestos.
A67: (2) Excluye el pago de bonos de reconocimiento, que se clasifica entre las partidas de financiamiento.
A68: (3) Ingresos de Transacciones que afectan el Patrimonio Neto más Venta de activos físicos clasificada en Transacciones en Activos No Financieros.
A69: (4) Gastos de Transacciones que afectan el Patrimonio Neto más Inversión y Transferencias de capital clasificadas en Transacciones en Activos No Financieros.
A70: Fuente: Dipres.

Sheet C A.II.5
A1: Cuadro A.II.5
A2: Estado de operaciones 2026-2027
A3: Gobierno Central total
A4: moneda nacional + moneda extranjera
A5: (% del PIB)
B7: 2026 | C7: 2027
A8: TRANSACCIONES QUE AFECTAN EL PATRIMONIO NETO
A9: INGRESOS | B9: 21.859177 | C9: 21.927988
A10: Ingresos tributarios netos | B10: 17.585066 | C10: 17.950935
A11: Tributación minería privada | B11: 2.1259654 | C11: 2.1390347
A12: Tributación resto contribuyentes | B12: 15.4591 | C12: 15.811901
A13: Traspasos Codelco | B13: 0.85137183 | C13: 0.65625498
A14: Imposiciones previsionales | B14: 1.3816481 | C14: 1.3978815
A15: Donaciones | B15: 0.041186233 | C15: 0.024722966
A16: Rentas de la propiedad | B16: 0.79916717 | C16: 0.69002251
A17: Ingresos de operación | B17: 0.42279143 | C17: 0.41659849
A18: Otros ingresos | B18: 0.7779467 | C18: 0.791572
A19: GASTOS | B19: 20.390108 | C19: 20.232183
A20: Personal | B20: 5.0478961 | C20: 4.9779728
... A34: PRESTAMO NETO/ENDEUDAMIENTO NETO | B34: -1.7953613 | C34: -1.7542277
A35: Notas:
A36: (1) Corresponde al concepto de transferencias (corrientes para el gasto) del clasificador presupuestario utilizado en la Ley de Presupuestos.
A37: (2) Excluye el pago de bonos de reconocimiento, que se clasifica entre las partidas de financiamiento.
A38: (3) Ingresos de Transacciones que afectan el Patrimonio Neto más Venta de activos físicos clasificada en Transacciones en Activos No Financieros.
A39: (4) Gastos de Transacciones que afectan el Patrimonio Neto más Inversión y Transferencias de capital clasificadas en Transacciones en Activos No Financieros.
A40: Fuente: Dipres.

Sheet C A.II.6
A1: Cuadro A.II.6
A2: Estado de operaciones 2026-2027
A3: Gobierno Central presupuestario
A4: moneda nacional + moneda extranjera
A5: (millones de pesos de cada año)
B7: 2026 | C7: 2027
A8: TRANSACCIONES QUE AFECTAN EL PATRIMONIO NETO
A9: INGRESOS | B9: 80643382 | C9: 84395304
A10: Ingresos tributarios netos | B10: 64875231 | C10: 69088630
A11: Tributación minería privada | B11: 7843160.7 | C11: 8232606
A12: Tributación resto contribuyentes | B12: 57032070 | C12: 60856024
A13: Traspasos Codelco | B13: 3140900.7 | C13: 2525760.2
A14: Imposiciones previsionales | B14: 5097208.1 | C14: 5380093.8
A15: Donaciones | B15: 151945.2 | C15: 95152.47
A16: Rentas de la propiedad | B16: 2948306 | C16: 2655722.9
A17: Ingresos de operación | B17: 1559771.9 | C17: 1603382.7
A18: Otros ingresos | B18: 2870019 | C18: 3046561.3
A19: GASTOS | B19: 75221836 | C19: 77867882
A20: Personal | B20: 18622815 | C20: 19158964
... A64: FINANCIAMIENTO | B64: -6621667.6 | C64: -6750883.9
A65: Notas:
A66: (1) Corresponde al concepto de transferencias (corrientes para el gasto) del clasificador presupuestario utilizado en la Ley de Presupuestos.
A67: (2) Excluye el pago de bonos de reconocimiento, que se clasifica entre las partidas de financiamiento.
A68: (3) Ingresos de Transacciones que afectan el Patrimonio Neto más Venta de activos físicos clasificada en Transacciones en Activos No Financieros.
A69: (4) Gastos de Transacciones que afectan el Patrimonio Neto más Inversión y Transferencias de capital clasificadas en Transacciones en Activos No Financieros.
A70: Fuente: Dipres.

Sheet C A.II.7
A1: Cuadro A.II.7
A2: Estado de operaciones 2026-2027
A3: Gobierno Central presupuestario
A4: moneda nacional + moneda extranjera
A5: (millones de pesos 2027)
B7: 2026 | C7: 2027
A8: TRANSACCIONES QUE AFECTAN EL PATRIMONIO NETO
A9: INGRESOS | B9: 82962001 | C9: 84395304
A10: Ingresos tributarios netos | B10: 66740492 | C10: 69088630
A11: Tributación minería privada | B11: 8068663.4 | C11: 8232606
A12: Tributación resto contribuyentes | B12: 58671828 | C12: 60856024
A13: Traspasos Codelco | B13: 3231206.3 | C13: 2525760.2
A14: Imposiciones previsionales | B14: 5243760.5 | C14: 5380093.8
A15: Donaciones | B15: 156313.86 | C15: 95152.47
A16: Rentas de la propiedad | B16: 3033074.3 | C16: 2655722.9
A17: Ingresos de operación | B17: 1604617.7 | C17: 1603382.7
A18: Otros ingresos | B18: 2952536.3 | C18: 3046561.3
A19: GASTOS | B19: 77384577 | C19: 77867882
A20: Personal | B20: 19158249 | C20: 19158964
... A64: FINANCIAMIENTO | B64: -6812050.5 | C64: -6750883.9
A65: Notas:
A66: (1) Corresponde al concepto de transferencias (corrientes para el gasto) del clasificador presupuestario utilizado en la Ley de Presupuestos.
A67: (2) Excluye el pago de bonos de reconocimiento, que se clasifica entre las partidas de financiamiento.
A68: (3) Ingresos de Transacciones que afectan el Patrimonio Neto más Venta de activos físicos clasificada en Transacciones en Activos No Financieros.
A69: (4) Gastos de Transacciones que afectan el Patrimonio Neto más Inversión y Transferencias de capital clasificadas en Transacciones en Activos No Financieros.
A70: Fuente: Dipres.

Sheet C A.II.8
A1: Cuadro A.II.8
A2: Estado de operaciones 2026-2027
A3: Gobierno Central presupuestario
A4: moneda nacional + moneda extranjera
A5: (% del PIB)
B7: 2026 | C7: 2027
A8: TRANSACCIONES QUE AFECTAN EL PATRIMONIO NETO
A9: INGRESOS | B9: 21.859177 | C9: 21.927988
A10: Ingresos tributarios netos | B10: 17.585066 | C10: 17.950935
A11: Tributación minería privada | B11: 2.1259654 | C11: 2.1390347
A12: Tributación resto contribuyentes | B12: 15.4591 | C12: 15.811901
A13: Traspasos Codelco | B13: 0.85137183 | C13: 0.65625498
A14: Imposiciones previsionales | B14: 1.3816481 | C14: 1.3978815
A15: Donaciones | B15: 0.041186233 | C15: 0.024722966
A16: Rentas de la propiedad | B16: 0.79916717 | C16: 0.69002251
A17: Ingresos de operación | B17: 0.42279143 | C17: 0.41659849
A18: Otros ingresos | B18: 0.7779467 | C18: 0.791572
A19: GASTOS | B19: 20.389614 | C19: 20.232002
A20: Personal | B20: 5.0478961 | C20: 4.9779728
... A34: PRESTAMO NETO/ENDEUDAMIENTO NETO | B34: -1.7948677 | C34: -1.7540467
A35: Notas:
A36: (1) Corresponde al concepto de transferencias (corrientes para el gasto) del clasificador presupuestario utilizado en la Ley de Presupuestos.
A37: (2) Excluye el pago de bonos de reconocimiento, que se clasifica entre las partidas de financiamiento.
A38: (3) Ingresos de Transacciones que afectan el Patrimonio Neto más Venta de activos físicos clasificada en Transacciones en Activos No Financieros.
A39: (4) Gastos de Transacciones que afectan el Patrimonio Neto más Inversión y Transferencias de capital clasificadas en Transacciones en Activos No Financieros.
A40: Fuente: Dipres.

Sheet C A.II.9
A1: Cuadro A.II.9
A2: Ingresos por impuestos
A3: Ejecución presupuestaria consolidada
A4: (millones de pesos de cada año)
B6: 2026 | C6: 2027
A7: Impuestos a la renta | B7: 29937651 | C7: 31509153
A8: Declaración anual | B8: -158117.86 | C8: 487103.3
A9: Impuestos | B9: 19734717 | C9: 23672545
A10: Sistemas de pago | B10: -19892835 | C10: -23185441
A11: Declaración y pago mensual | B11: 9105808.2 | C11: 9798079.6
A12: Pagos provisionales mensuales | B12: 20989961 | C12: 21223970
A13: Impuesto al valor agregado | B13: 29281097 | C13: 30800718
A14: IVA declarado | B14: 46054861 | C14: 48210077
A15: Crédito especial empresas constructoras | B15: -373129.49 | C15: -343992.77
A16: Devoluciones | B16: -16400634 | C16: -17065366
A17: Impuestos a productos específicos | B17: 3360597.1 | C17: 4163022.6
A18: Tabacos, cigarros y cigarrillos | B18: 951554.89 | C18: 987847.57
... A26: INGRESOS NETOS POR IMPUESTOS | B26: 64875231 | C26: 69088630
A27: Fuente: Dipres.

Sheet C A.II.10
A1: Cuadro A.II.10
A2: Ingresos por impuestos
A3: Ejecución presupuestaria consolidada
A4: (millones de pesos 2027)
B6: 2026 | C6: 2027
A7: Impuestos a la renta | B7: 30798404 | C7: 31509153
A8: Declaración anual | B8: -162663.99 | C8: 487103.3
A9: Impuestos | B9: 20302120 | C9: 23672545
A10: Sistemas de pago | B10: -20464784 | C10: -23185441
A11: Declaración y pago mensual | B11: 9367613.9 | C11: 9798079.6
A12: Pagos provisionales mensuales | B12: 21593454 | C12: 21223970
A13: Impuesto al valor agregado | B13: 30122973 | C13: 30800718
A14: IVA declarado | B14: 47379008 | C14: 48210077
A15: Crédito especial empresas constructoras | B15: -383857.53 | C15: -343992.77
A16: Devoluciones | B16: -16872177 | C16: -17065366
A17: Impuestos a productos específicos | B17: 3457219.3 | C17: 4163022.6
A18: Tabacos, cigarros y cigarrillos | B18: 978913.52 | C18: 987847.57
... A26: INGRESOS NETOS POR IMPUESTOS | B26: 66740492 | C26: 69088630
A27: Fuente: Dipres.

Sheet C A.II.11
A1: Cuadro A.II.11
A2: Ingresos por impuestos
A3: Ejecución presupuestaria mineras privadas consolidadas
A4: (millones de pesos de cada año)
B6: 2026 | C6: 2027
A7: Impuestos a la renta | B7: 7843160.7 | C7: 8232606
A8: Declaración anual | B8: 762583.88 | C8: 1623848.6
A9: Impuestos | B9: 4948516 | C9: 8187193
A10: Sistemas de pago | B10: -4185932.1 | C10: -6563344.4
A11: Declaración y pago mensual | B11: 538188.09 | C11: 699265.47
A12: Pagos provisionales mensuales | B12: 6542388.7 | C12: 5909491.9
A13: INGRESOS NETOS POR IMPUESTOS | B13: 7843160.7 | C13: 8232606
A14: Fuente: Dipres.

Sheet C A.II.12
A1: Cuadro A.II.12
A2: Ingresos por impuestos
A3: Ejecución presupuestaria mineras privadas consolidadas
A4: (millones de pesos 2027)
B6: 2026 | C6: 2027
A7: Impuestos a la renta | B7: 8068663.4 | C7: 8232606
A8: Declaración anual | B8: 784509.32 | C8: 1623848.6
A9: Impuestos | B9: 5090793.3 | C9: 8187193
A10: Sistemas de pago | B10: -4306284 | C10: -6563344.4
A11: Declaración y pago mensual | B11: 553661.81 | C11: 699265.47
A12: Pagos provisionales mensuales | B12: 6730492.2 | C12: 5909491.9
A13: INGRESOS NETOS POR IMPUESTOS | B13: 8068663.4 | C13: 8232606
A14: Fuente: Dipres.

Sheet C A.II.13
A1: Cuadro A.II.13
A2: Ingresos por impuestos
A3: Ejecución presupuestaria sin mineras privadas consolidado
A4: (millones de pesos de cada año)
B6: 2026 | C6: 2027
A7: Impuestos a la renta | B7: 22094490 | C7: 23276547
A8: Declaración anual | B8: -920701.74 | C8: -1136745.3
A9: Impuestos | B9: 14786201 | C9: 15485352
A10: Sistemas de pago | B10: -15706903 | C10: -16622097
A11: Declaración y pago mensual | B11: 8567620.1 | C11: 9098814.1
A12: Pagos provisionales mensuales | B12: 14447572 | C12: 15314478
A13: Impuesto al valor agregado | B13: 29281097 | C13: 30800718
A14: IVA declarado | B14: 46054861 | C14: 48210077
A15: Crédito especial empresas constructoras | B15: -373129.49 | C15: -343992.77
A16: Devoluciones | B16: -16400634 | C16: -17065366
A17: Impuestos a productos específicos | B17: 3360597.1 | C17: 4163022.6
A18: Tabacos, cigarros y cigarrillos | B18: 951554.89 | C18: 987847.57
... A26: INGRESOS NETOS POR IMPUESTOS | B26: 57032070 | C26: 60856024
A27: Fuente: Dipres.

Sheet C A.II.14
A1: Cuadro A.II.14
A2: Ingresos por impuestos
A3: Ejecución presupuestaria sin mineras privadas consolidado
A4: (millones de pesos 2027)
B6: 2026 | C6: 2027
A7: Impuestos a la renta | B7: 22729740 | C7: 23276547
A8: Declaración anual | B8: -947173.31 | C8: -1136745.3
A9: Impuestos | B9: 15211327 | C9: 15485352
A10: Sistemas de pago | B10: -16158500 | C10: -16622097
A11: Declaración y pago mensual | B11: 8813952.1 | C11: 9098814.1
A12: Pagos provisionales mensuales | B12: 14862962 | C12: 15314478
A13: Impuesto al valor agregado | B13: 30122973 | C13: 30800718
A14: IVA declarado | B14: 47379008 | C14: 48210077
A15: Crédito especial empresas constructoras | B15: -383857.53 | C15: -343992.77
A16: Devoluciones | B16: -16872177 | C16: -17065366
A17: Impuestos a productos específicos | B17: 3457219.3 | C17: 4163022.6
A18: Tabacos, cigarros y cigarrillos | B18: 978913.52 | C18: 987847.57
... A26: INGRESOS NETOS POR IMPUESTOS | B26: 58671828 | C26: 60856024
A27: Fuente: Dipres.

Sheet C A.III.1
A1: Cuadro A.III.1
A2: Informes financieros de Proyectos de Ley enviados entre julio y septiembre de 2026,
A3: con efectos en los gastos fiscales(1)
A4: (miles de pesos 2026)
A6: N° IF | B6: N° | C6: N° | D6: Nombre IF | E6: Efecto en gasto
B7: Boletín | C7: Mensaje | E7: 2026 | F7: 2027 | G7: 2028 | H7: 2029 | I7: 2030 | J7: 2031
A8: 145 | B8: 15.767-29 | C8: 088-374 | D8: Proyecto de ley que deroga la Ley N°18.356, que establece normas sobre control de las artes marciales y deroga la Ley N°18.039, e incorpora el concepto de artes marciales en la Ley N°19.712, del Deporte. | E8: - | F8: -35321 | G8: -35321 | H8: -35321 | I8: -35321 | J8: -35321
A9: 167 | B9: 18.216-05 | C9: * | D9: Proyecto de Ley para la Reconstrucción Nacional y el Desarrollo Económico y Social | E9: 113384000 | F9: 228084000 | G9: 42585000 | H9: -150780000 | I9: 18084000 | J9: 18084000
A10: 176 | B10: 18.216-05 | C10: 115-374 | D10: Propone forma y modo de resolver las divergencias surgidas entre ambas cámaras durante la tramitación del Proyecto de Ley para la Reconstrucción Nacional y el Desarrollo Económico y Social | E10: 0 | F10: 188898000 | G10: 193843000 | H10: 199745000 | I10: 205546000 | J10: 211127000
A11: 179 | B11: 18.623-07 | C11: 110-374 | D11: Proyecto de ley que modifica la Ley N°21.719, que regula la protección y el tratamiento de los datos personales y crea la Agencia de Protección de Datos Personales | E11: -971700 | F11: -191200 | G11: -385000 | H11: 223500 | I11: 223500 | J11: 223500
A12: 184 | B12: 17.535-25 | C12: 177-374 | D12: Proyecto de Ley que moderniza el sistema de incentivos, extiende la carrera a los futuros ingresos a Carabineros de Chile y establece herramientas de gestión de la planta | E12: - | F12: 66916000 | G12: 106116000 | H12: 116881000 | I12: 124469000 | J12: 136364000
A13: 185 | B13: 18.524-05 | C13: 124-374 | D13: Proyecto de ley que extiende vigencia y aumenta cobertura de la Ley N°21.748 y modifica normas que indica | E13: 0 | F13: 842000 | G13: 15022000 | H13: 19596000 | I13: 19052000 | J13: 18486000
A14: 204 | B14: 18.401-31 | C14: 143-374 | D14: Indicaciones a Proyecto de Ley que entrega un bono extraordinario de apoyo a la niñez | E14: 2382000 | F14: 0 | G14: 0 | H14: 0 | I14: 0 | J14: -
A15: 207 | B15: 18.286-03 | C15: 150-374 | D15: Indicaciones al proyecto de ley que modifica la Ley N°19.799, sobre documentos electrónicos, firma electrónica y servicios de certificación de dicha firma y otros cuerpos legales que indica | E15: - | F15: 39195 | G15: 37894 | H15: 37894 | I15: 37894 | J15: 37894
A16: 215 | B16: 16.286-07 | C16: * | D16: Proyecto de Ley que modifica la Ley N° 19.968, que crea los Tribunales de Familia, adecuándola a la Ley N° 21.430, sobre garantías y protección integral de los derechos de la niñez y adolescencia, y deroga la Ley N° 16.618, Ley de Menores | E16: - | F16: 14327000 | G16: 20328000 | H16: 27754000 | I16: 34993000 | J16: 36238000
A17: 225 | B17: 18.643-05 | C17: 166-374 | D17: Proyecto de Ley de reforma al mercado de capitales y financiamiento de la casa propia. | E17: 0 | F17: 1982000 | G17: 2026000 | H17: 95705000 | I17: 189383000 | J17: 189427000
A18: 234 | B18: 18.684-05 | C18: 176-374 | D18: Proyecto de Ley que extiende la vigencia de los bonos establecidos en la Ley N°21.811, concede bono a pescadores artesanales y modifica el plazo para realizar aportes al Fondo de Garantías para Pequeños Empresarios (FOGAPE). | E18: 30013000 | F18: 0 | G18: 0 | H18: 0 | I18: 0 | J18: -
A19: Nota: Los valores con signo positivo significan mayores gastos fiscales y los valores con signo negativo significan menores gastos fiscales. Los IF sustitutivos sustituyen los costos de los IF anteriores.
A20: (1) No incluye aquellos IF que fueron sustituidos por otros, ni los IF consolidados.
A21: * Informe Financiero que actualiza montos, por lo que no registra número de mensaje.
A22: Fuente: Dipres.

Sheet C A.III.2
A1: Cuadro A.III.2
A2: Informes financieros de Proyectos de Ley enviados entre julio y septiembre de 2026,
A3: con efectos en los ingresos fiscales
A4: (miles de pesos 2026)
A6: N° IF | B6: N° | C6: N° | D6: Nombre IF | E6: Efecto en ingresos
B7: Boletín | C7: Mensaje | E7: 2026 | F7: 2027 | G7: 2028 | H7: 2029 | I7: 2030 | J7: 2031
A8: 145 | B8: 15.767-29 | C8: 088-374 | D8: Proyecto de ley que deroga la Ley N°18.356, que establece normas sobre control de las artes marciales y deroga la Ley N°18.039, e incorpora el concepto de artes marciales en la Ley N°19.712, del Deporte. | E8: - | F8: 35321 | G8: 35321 | H8: 35321 | I8: 35321 | J8: 35321
A9: 149 | B9: 18.501-10 | C9: 089-374 | D9: Proyecto de Acuerdo que aprueba el “Acuerdo de Alcance Parcial entre la República de Chile y la República de Trinidad y Tobago”, suscrito el 25 de abril de 2025 | E9: 14758800 | F9: 14758800 | G9: 14758800 | H9: 14758800 | I9: 14758800 | J9: 14758800
A10: 167 | B10: 18.216-05 | C10: * | D10: Proyecto de Ley para la Reconstrucción Nacional y el Desarrollo Económico y Social** | E10: -33135000 | F10: 475701000 | G10: 1384643000 | H10: 1872097000 | I10: 2071638000 | J10: 2161764000
A11: 184 | B11: 17.535-25 | C11: 177-374 | D11: Proyecto de Ley que moderniza el sistema de incentivos, extiende la carrera a los futuros ingresos a Carabineros de Chile y establece herramientas de gestión de la planta | E11: - | F11: -228000 | G11: -477000 | H11: -895000 | I11: -1155000 | J11: -1667000
A12: 225 | B12: 18.643-05 | C12: 166-374 | D12: Proyecto de Ley de reforma al mercado de capitales y financiamiento de la casa propia** | E12: 0 | F12: 85690000 | G12: 87109000 | H12: 88768000 | I12: 90740000 | J12: 92643000
A13: Nota: Los valores con signo positivo significan menores ingresos fiscales y los valores con signo negativo significan mayores ingresos fiscales. Los IF sustitutivos sustituyen los costos de los IF anteriores.
A14: * Informe Financiero que actualiza montos, por lo que no registra número de mensaje.
A15: ** No incluye efecto en ingresos por mayor crecimiento
A16: Fuente: Dipres.

Sheet C A.III.3
A1: Cuadro A.III.3
A2: Informes financieros de Proyectos de Ley enviados entre julio y septiembre de 2026,
A3: sin efecto en gastos o ingresos fiscales
A5: N° IF | B5: N° | C5: N° | D5: Nombre IF
B6: Boletín | C6: Mensaje
A7: 140 | B7: 18.431-31 | C7: 083-374 | D7: Proyecto de ley que introduce modificaciones a la Ley N°21.805, que reconoce el derecho al cuidado y crea el Sistema Nacional de Apoyos y Cuidados, y otros cuerpos normativos, en la forma que indica
A8: 141 | B8: 16.858-15 | C8: 081-374 | D8: Proyecto de Ley que modifica la Ley General de Telecomunicaciones en materia de asignación de direcciones IP y deber de información de los proveedores de acceso a internet
A9: 142 | B9: 17.675-25 | C9: 077-374 | D9: Proyecto de ley que modifica cuerpos legales para fortalecer la seguridad del transporte público subterráneo del Metro de Santiago
A10: 143 | B10: 18.189-14 | C10: 086-374 | D10: Proyecto de Ley que modifica la Ley N°20.898 con el objeto de ampliar el régimen excepcional de regularización de viviendas y actualizar la fecha de su aplicación
A11: 144 | B11: 18.428-10 | C11: 087-374 | D11: Proyecto de acuerdo que aprueba el Sexto Protocolo Adicional al Acuerdo de Alcance Parcial sobre Transporte Internacional Terrestre, suscrito en Montevideo el 04 de agosto de 2025
A12: 146 | B12: 18.436-15 | C12: 065-374 | D12: Proyecto de ley que modifica la Ley Orgánica de la Empresa de los Ferrocarriles del Estado, con el objeto de establecer una exención de derechos y tributos municipales por la ejecución de obras ferroviarias
A13: 147 | B13: 18.429-10 | C13: 090-374 | D13: Proyecto de acuerdo que aprueba el Tratado entre la República de Chile y la República Federativa de Brasil sobre Asistencia Jurídica Mutua en Materia Penal, hecho en Brasilia, el 22 de abril de 2025
A14: 148 | B14: 16.777-07 | C14: 091-374 | D14: Indicaciones al Proyecto de ley que modifica el Código Penal, en materia de internación al territorio nacional de enfermedades animales o plagas vegetales
A15: 150 | B15: 18.464-14 | C15: 085-374 | D15: Proyecto de ley que modifica el decreto ley N°2.695, de 1979, estableciendo un procedimiento para situaciones de emergencia.
A16: 151 | B16: 18.478-13 | C16: 094-374 | D16: Proyecto de ley que perfecciona los mecanismos de adaptabilidad de la jornada de trabajo y establece un régimen especial para el sector turismo y actividades conexas.
A17: 152 | B17: 17.662-07 | C17: 092-374 | D17: Proyecto de Ley que aumenta sanciones aplicables al delito de atentado contra la autoridad cometido contra miembros de las Fuerzas de Orden y Seguridad Pública
A18: 154 | B18: 18.259-08 | C18: 096-374 | D18: Indicaciones al Proyecto de ley de que modifica el Código de Minería y las leyes N°21.420 y N°21.649, en materia de amparo minero y otras materias que indica
... A67: 226 | B67: 18.286-03 | C67: 168-374 | D67: Indicaciones al proyecto de ley que modifica la Ley N°19.799, sobre documentos electrónicos, firma electrónica y servicios de certificación de dicha firma, y otros cuerpos legales relacionados
A68: Fuente: Dipres.

Sheet C A.V.1
A1: Cuadro A.V.1
A2: Clasificación funcional de erogaciones del Gobierno Central presupuestario
A3: Proyecto de ley de Presupuestos 2027(1)
A4: Moneda nacional y moneda extranjera
A5: (millones de pesos 2027, % de gasto total y % del gasto social)
B7: MM$ | C7: % gasto total | D7: % gasto social
A8: GASTO TOTAL SIN PROVISIONES(2) | B8: 88952581 | C8: 97.6 | D8: -
A9: Servicios Públicos Generales | B9: 8073320.9 | C9: 8.8547413 | D9: -
A10: Organismos Ejecutivos y Legislativos, Asuntos Financieros y Fiscales, Asuntos Exteriores | B10: 2029169.3 | C10: 2.2255735 | D10: -
A11: Ayuda Económica Exterior | B11: 413.67 | C11: 0.0004537093 | D11: -
A12: Servicios Generales | B12: 389565.71 | C12: 0.42727195 | D12: -
A13: Investigación Básica | B13: 501158.18 | C13: 0.54966551 | D13: -
A14: Servicios Públicos Generales n.e.p. | B14: 60004.263 | C14: 0.065812102 | D14: -
A15: Transacciones de la Deuda Pública | B15: 5093009.8 | C15: 5.5859645 | D15: -
A16: Defensa | B16: 2342361.7 | C16: 2.5690799 | D16: -
A17: Defensa Militar | B17: 2335621.6 | C17: 2.5616874 | D17: -
A18: Investigación y Desarrollo relacionados con la Defensa | B18: 6740.114 | C18: 0.0073924926 | D18: -
A19: Orden Público y Seguridad | B19: 5516097.2 | C19: 6.0500027 | D19: -
... A34: Asuntos Económicos n.e.p. | B34: 425283.18 | C34: 0.46644653 | D34: -
A35: Protección del Medio Ambiente | B35: 353115.04 | C35: 0.3872932 | D35: 0.54252179
A36: Reducción de la Contaminación | B36: 47305.579 | C36: 0.051884307 | D36: 0.072679735
A37: Protección a la diversidad Biológica y del Paisaje | B37: 266473.45 | C37: 0.29226554 | D37: 0.40940668
A38: Protección del Medio Ambiente n.e.p. | B38: 39336.007 | C38: 0.043143357 | D38: 0.060435378
A39: Vivienda y Servicios Comunitarios | B39: 1300543.3 | C39: 1.4264235 | D39: 1.9981395
A40: Urbanización | B40: 730311.38 | C40: 0.80099855 | D40: 1.1220418
A41: Desarrollo Comunitario | B41: 9425.169 | C41: 0.010337435 | D41: 0.014480719
A42: Abastecimiento de Agua | B42: 560806.77 | C42: 0.61508751 | D42: 0.86161692
A43: Salud | B43: 18375434 | C43: 20.154 | D43: 28.2318
A44: Productos, Útiles y Equipos Médicos | B44: 211.703 | C44: 0.00023219383 | D44: 0.000325258
A45: Servicios para Pacientes Externos | B45: 985514.79 | C45: 1.0809032 | D45: 1.5141333
A46: Servicios Hospitalarios | B46: 15621084 | C46: 17.133056 | D46: 24.00005
... A67: Provisiones destinadas a funciones sociales(3) | B67: 1613270.8 | C67: 1.76942 | D67: 2.4786103
A68: Provisiones destinadas a funciones no sociales(4) | B68: 609268.09 | C68: 0.66823942 | D68: -
A69: Gasto en funciones sociales | B69: 65087715 | C69: 71.387584 | D69: 100
A70: GASTO TOTAL | B70: 91175119 | C70: 100 | D70: -
A71: (1) n.e.p.: no clasificados en otra partida.
A72: (2) Excluye las asignaciones 104, 123 y 275 del Programa Operaciones Complementarias del Tesoro Público.
A73: (3) Corresponde a las incluidas en las asignaciones 104, 123 y 275 del Programa Operaciones Complementarias del Tesoro Público, destinadas a funciones sociales.
A75: (4) Corresponde a las incluidas en las asignaciones 104, 123 y 275 del Programa Operaciones Complementarias del Tesoro Público, destinadas a funciones no sociales.
A77: Fuente: Dipres.

Sheet C A.VI.1
A1: Cuadro A.VI.1
A2: Gasto del Gobierno Central total 2027 (p)
A3: (millones de pesos 2027 y % de variación real)
B5: Ley aprobada 2026 | C5: Cierre proyectado 2026 | D5: Proyecto de ley de Presupuestos 2027 | E5: Variación 2027/2026 (%) | F5: Variación 2027/ LdP 2026 (%) | G5: % del PIB
A8: Gastos que afectan el patrimonio neto | B8: 75640492 | C8: 77386451 | D8: 77868578 | E8: 0.62301297 | F8: 2.9456258 | G8: 20.232183
A9: Personal | B9: 17755435 | C9: 19158249 | D9: 19158964 | E9: 0.0037298444 | F9: 7.9047812 | G9: 4.9779728
A10: Bienes y servicios de consumo y producción | B10: 6997898.3 | C10: 7431444.9 | D10: 7253526.3 | E10: -2.3941314 | F10: 3.6529253 | G10: 1.8846456
A11: Intereses | B11: 4755097.6 | C11: 4746775.4 | D11: 5093706.5 | E11: 7.3087728 | F11: 7.1209645 | G11: 1.323471
A12: Subsidios y donaciones | B12: 29748049 | C12: 28926601 | D12: 29856773 | E12: 3.215629 | F12: 0.36548165 | G12: 7.7575283
A13: Prestaciones previsionales | B13: 16342776 | C13: 16956039 | D13: 16472320 | E13: -2.852783 | F13: 0.79266728 | G13: 4.2799163
A14: Otros | B14: 41235.06 | C14: 167340.85 | D14: 33288.258 | E14: -80.107512 | F14: -19.271954 | G14: 0.008649113
A15: Gastos en activos no financieros | B15: 13096358 | C15: 12403685 | D15: 13307238 | E15: 7.2845536 | F15: 1.6102167 | G15: 3.4575496
A16: Inversión | B16: 5265288.2 | C16: 4947612.4 | D16: 5381378.3 | E16: 8.7671769 | F16: 2.2048206 | G16: 1.3982152
A17: Transferencias de capital | B17: 7831070 | C17: 7456072.5 | D17: 7925859.6 | E17: 6.300732 | F17: 1.2104296 | G17: 2.0593344
A18: Total gastos | B18: 88736851 | C18: 89790135 | D18: 91175816 | E18: 1.5432438 | F18: 2.7485375 | G18: 23.689733
A19: Nota: Las cifras corresponden al gasto del Gobierno Central total, lo que incluye las estimaciones respectivas de gasto extrapresupuestario en gasto por intereses.
A20: (p) Proyección.
A21: Fuente: Dipres.

Sheet C R.2.1
A1: Cuadro R.2.1
A2: Construcción del gasto de capital según su clasificador presupuestario
A4: Subtítulo-Ítem | B4: Denominación | C4: Detalle | D4: Clasificación
A5: ST 29 | B5: Adquisición de activos no financieros | C5: Compra de activos físicos existentes o gastos para formación de capital de uso directo por el organismo: terrenos, edificios, vehículos, equipos, mobiliario, máquinas y equipos, equipos y programas informáticos. | D5: Inversión
A6: ST 31 | B6: Iniciativas de inversión | C6: Estudios básicos, proyectos y programas de inversión.
A7: ST 33 excluyendo 33.02(1) | B7: Transferencias de capital | C7: Comprende todo desembolso financiero, que no supone la contraprestación de bienes o servicios, destinado a gastos de inversión o a la formación de capital. | D7: Transferencias de capital
A8: (1) Las transferencias de capital del Gobierno Central no consideran las transferencias consolidables con el fin de evitar la duplicidad de su ejecución.
A9: Fuente: Dipres.

Sheet C R.4.1
A1: Cuadro R.4.1
A2: Calendario de implementación de las recomendaciones
A4: ÁMBITO | B4: BREVE DESCRIPCIÓN | C4: FECHA DE INICIO DE HITO | D4: ESTADO
A6: Hoja de ruta de implementación de recomendaciones | B6: Plan por fases con responsables, plazos para la elaboración de productos, notas metodológicas y política de revisiones de las recomendaciones del informe | C6: 46388 | D6: No iniciado
A7: Swaps de monedas y tasas de interés | B7: Reclasificar flujos periódicos de los swaps como transacciones de derivados financieros bajo la línea. | C7: 46266 | D7: En proceso, para implementación en ejecución de 2027
A8: Copagos de Fonasa | B8: Excluir flujos del copago de las cuentas de FONASA de los ingresos y gastos, eliminando la imputación de bono electrónico. | C8: 46266 | D8: En proceso, para implementación en ejecución de 2027 y en IFP 4T 2026
A9: Gobiernos Regionales | B9: Compilar serie histórica de los 16 GORE, incorporando ingresos propios, gastos clasificados por naturaleza económica y conciliación de transferencias recíprocas para asegurar una consolidación intra-subsectorial. | C9: 46388 | D9: No iniciado
A10: Operaciones fiscales de préstamos habitacionales de los Serviu | B10: Reclasificar desembolsos de SERVIU al constructor como adquisición progresiva de activos durante la construcción, reconocer transferencia de capital en especie a hogares con la inscripción de la vivienda. | C10: 46388 | D10: No iniciado
A11: Estado de Operaciones del Gobierno Central | B11: Alinear la presentación del EOGC con el MEFP 2014, aumentando mayor desglose de ingresos, gastos, inversión, cuentas por cobrar y por pagar, fortaleciendo la consistencia entre flujos, saldos, caja y deuda. | C11: 46447 | D11: En proceso, mejoras en reportes de fuentes y usos de fondos iniciadas.
A12: Créditos para la Educación Superior con Garantía Estatal (CAE) | B12: Corregir serie histórica de compra de cartera, reclasificar cobranza separando amortización e intereses, registrar recuperación del activo bajo la línea, entre otros y definir el tratamiento de la incobrabilidad | C12: 47088 | D12: No iniciado
A13: Nota: Fechas objetivo según el cuadro de recomendaciones del informe de la misión y el trabajo actualizado de Dipres.
A14: Fuente: Dipres, sobre la base de FMI (2026).
